 Dungeon Crawl Stone Soup version 0.24-a0-530-g18ba70b503 (webtiles) character file.

Game seed: 17586536934204203968

15750737 DEFE the Middleweight Champion (level 27, 209/209 HPs)
             Began as a Demonspawn Wanderer on Aug 8, 2019.
             Was the Champion of Sif Muna.
             Escaped with the Orb
             ... and 15 runes on Aug 9, 2019!
             The game lasted 04:18:16 (99729 turns).

DEFE the Middleweight Champion (DsWn)              Turns: 99729, Time: 04:18:17

Health: 209/209    AC:  8    Str: 28    XL:     27
Magic:  53/53      EV: 31    Int: 22    God:    Sif Muna [******]
Gold:   10990      SH:  0    Dex: 15    Spells: 40/69 levels left

rFire    + + +     SeeInvis .     - Unarmed
rCold    + . .     Gourm    .   (no shield)
rNeg     + . .     Faith    .   q - +2 robe {Archmagi}
rPois    +         Spirit   .   (helmet unavailable)
rElec    .         Reflect  .   w - +2 cloak of Light {rF+ Int+6}
rCorr    .         Harm     .   (gloves unavailable)
MR       ++++.                  (boots unavailable)
Stlth    +.........             I - amulet "Icwax" {+Inv Regen+ Str+6 Dex-4}
HPRegen  0.84/turn              k - ring of Xom's Whimsicality {+Fly rF++ MR++ Dex+5}
MPRegen  0.33/turn              D - ring "Ryna Poph" {rPois rF+ rC+}

@: studying Evocations, deflect missiles
A: claws 3, hooves 3, horns 3, blink, high mp 1, negative energy resistance 1,
sense surroundings 1, powered by death 3, shaggy fur 1, spiny 3, 50% torment
resistance, evolution 1, black mark
0: Orb of Zot
}: 15/15 runes: barnacled, slimy, silver, golden, iron, obsidian, icy, bone,
abyssal, demonic, glowing, magical, fiery, dark, gossamer
a: Blink, Channel Magic, Forget Spell, Divine Exegesis, Renounce Religion, Evoke
Invisibility, Evoke Flight


You escaped.
You worshipped Sif Muna.
Sif Muna was exalted by your worship.
You were very hungry.

You visited 17 branches of the dungeon, and saw 87 of its levels.
You visited Pandemonium 2 times, and saw 15 of its levels.
You visited the Abyss 2 times.
You visited 1 ziggurat, and saw 13 of its levels.
You also visited: Trove, Ossuary, Gauntlet, Ice Cave and Volcano.

You collected 13851 gold pieces.
You spent 2861 gold pieces at shops.

Inventory:

Missiles
 E - 13 throwing nets (quivered)
 F - 146 javelins
Armour
 q - a +2 robe of the Archmagi (worn)
 w - the +2 cloak of Light (worn) {rF+ Int+6}
   (You found it on level 3 of the Elven Halls)

   It affects your intelligence (+6).
   It protects you from fire.
 C - the +3 buckler of Objectivity {rC+ Int+2}
   (You found it on level 7 of Tartarus)

   It affects your intelligence (+2).
   It protects you from cold.
 M - a scarf of repulsion
Jewellery
 d - the amulet of Imugeg {RegenMP Dex+8}
   (You found it in Pandemonium)

   [amulet of magic regeneration]

   It increases your magic regeneration.
   It affects your dexterity (+8).
 k - the ring of Xom's Whimsicality (left claw) {+Fly rF++ MR++ Dex+5}
   (You acquired it on level 3 of the Shoals)

   [ring of dexterity]

   It affects your dexterity (+5).
   It greatly protects you from fire.
   It affects your resistance to hostile enchantments.
   It lets you fly.
 D - the ring "Ryna Poph" (right claw) {rPois rF+ rC+}
   (You found it in a Gauntlet)

   [ring of poison resistance]

   It protects you from fire.
   It protects you from cold.
   It protects you from poison.
 I - the amulet "Icwax" (around neck) {+Inv Regen+ Str+6 Dex-4}
   (You found it on level 2 of the Vaults)

   [amulet of regeneration]

   It affects your strength (+6).
   It affects your dexterity (-4).
   It lets you turn invisible.
   It increases your rate of regeneration.
 N - the ring of Agnosticism {+Fly rElec rF- rC+++ Str+2}
   (You found it on level 7 of Cocytus)

   [ring of flight]

   It affects your strength (+2).
   It makes you vulnerable to fire.
   It renders you almost immune to cold.
   It insulates you from electricity.
   It lets you fly.
 Q - an uncursed ring of resist corrosion
 V - an uncursed ring of see invisible
Wands
 g - a wand of scattershot (11)
 i - a wand of acid (19)
 m - a wand of clouds (8)
 p - a wand of enslavement (60)
 z - a wand of disintegration (14)
 K - a wand of iceblast (45)
 T - a wand of paralysis (35)
 X - a wand of digging (8)
Scrolls
 b - 12 scrolls of teleportation
 o - 8 scrolls of enchant armour
 s - 33 scrolls of remove curse
 t - 9 scrolls of immolation
 v - 19 scrolls of identify
 x - 8 scrolls of amnesia
 y - 7 scrolls of fear
 H - 7 scrolls of vulnerability
 O - 2 scrolls of summoning
 S - 2 scrolls of fog
 Z - 2 scrolls of blinking
Potions
 e - 8 potions of ambrosia
 h - 9 potions of heal wounds
 j - 7 potions of flight
 l - 4 potions of berserk rage
 n - 7 potions of might
 r - 3 potions of resistance
 u - 4 potions of haste
 A - 4 potions of agility
 B - 21 potions of brilliance
 G - 5 potions of magic
 J - 3 potions of mutation
 L - 7 potions of lignification
 P - 3 potions of invisibility
 R - 18 potions of curing
Books
 W - a manual of Evocations
Miscellaneous
 a - a figurine of a ziggurat
 c - a phial of floods
 U - a lamp of fire
Comestibles
 f - 16 rations


   Skills:
 + Level 26.3 Fighting
   Level 8.4 Short Blades
   Level 2.5 Crossbows
 - Level 6.3 Armour
 + Level 25.5 Dodging
 - Level 4.0 Shields
 O Level 27 Unarmed Combat
 + Level 21.5 Spellcasting
 - Level 10.0 Charms
 - Level 11.0 Summonings
 - Level 10.0 Necromancy
 - Level 16.0 Transmutations
   Level 1.0 Fire Magic
 + Level 17.8 Air Magic
 - Level 17.0 Earth Magic
 - Level 16.0 Invocations
 - Level 10.0 Evocations


You had 40 spell levels left.
You knew the following spells:

 Your Spells              Type           Power        Failure   Level  Hunger
a - Statue Form           Tmut/Erth      #######..    1%          6    ###....
b - Invisibility          Hex            #####...     96%         6    ###....
c - Summon Butterflies    Summ           #######.     1%          1    None
d - Deflect Missiles      Chrm/Air       #######...   1%          6    ###....
e - Regeneration          Chrm/Necr      #######...   1%          3    None
f - Song of Slaying       Chrm           #######.     1%          2    None
g - Aura of Abjuration    Summ           #######...   1%          5    None

Your spell library contained the following spells:

 Spells                   Type           Power        Failure   Level  Hunger
 Beastly Appendage        Tmut           ######       0%          1    None
 Sandblast                Erth           ######       0%          1    None
 Passwall                 Tmut/Erth      #######.     0%          2    None
 Sticks to Snakes         Tmut           #######.     0%          2    None
 Swiftness                Chrm/Air       #######.     0%          2    None
 Airstrike                Air            ########..   0%          4    None
 Animate Skeleton         Necr           N/A          1%          1    None
 Apportation              Tloc           #####.       1%          1    None
 Confusing Touch          Hex            #####.       1%          1    None
 Corona                   Hex            #####..      1%          1    None
 Flame Tongue             Conj/Fire      #####        1%          1    None
 Freeze                   Ice            ####         1%          1    None
 Infusion                 Chrm           ####         1%          1    None
 Magic Dart               Conj           ####         1%          1    None
 Pain                     Necr           ####         1%          1    None
 Shock                    Conj/Air       ####         1%          1    None
 Sting                    Conj/Pois      ####         1%          1    None
 Summon Small Mammal      Summ           ####         1%          1    None
 Call Imp                 Summ           #######.     1%          2    None
 Corpse Rot               Necr           N/A          1%          2    None
 Poisonous Vapours        Pois/Air       ######       1%          2    None
 Shroud of Golubria       Chrm/Tloc      ######       1%          2    None
 Sublimation of Blood     Necr           #######...   1%          2    None
 Call Canine Familiar     Summ           #######.     1%          3    None
 Ignite Poison            Fire/Tmut/Pois ######..     1%          3    None
 Mephitic Cloud           Conj/Pois/Air  ######..     1%          3    None
 Ozocubu's Armour         Chrm/Ice       ######..     1%          3    None
 Recall                   Summ/Tloc      N/A          1%          3    None
 Spectral Weapon          Hex/Chrm       ######..     1%          3    None
 Spider Form              Tmut/Pois      ######....   1%          3    None
 Static Discharge         Conj/Air       #######.     1%          3    None
 Stone Arrow              Conj/Erth      ######       1%          3    None
 Summon Guardian Golem    Hex/Summ       ######..     1%          3    None
 Vampiric Draining        Necr           #######...   1%          3    None
 Animate Dead             Necr           N/A          1%          4    None
 Ice Form                 Ice/Tmut       ######..     1%          4    None
 Leda's Liquefaction      Hex/Erth       #######...   1%          4    None
 Petrify                  Tmut/Erth      #######.     1%          4    None
 Summon Ice Beast         Ice/Summ       ######..     1%          4    None
 Summon Lightning Spire   Summ/Air       #######.     1%          4    None
 Agony                    Necr           #######.     1%          5    None
 Alistair's Intoxication  Tmut/Pois      ######..     1%          5    None
 Blade Hands              Tmut           #######...   1%          5    None
 Borgnjor's Vile Clutch   Necr/Erth      #######...   1%          5    None
 Dispel Undead            Necr           #######.     1%          5    None
 Excruciating Wounds      Chrm/Necr      #######...   1%          5    None
 Irradiate                Conj/Tmut      ######....   1%          5    None
 Lee's Rapid Deconstruct  Erth           #######...   1%          5    None
 Lightning Bolt           Conj/Air       #######...   1%          5    None
 Silence                  Hex/Air        #######...   1%          5    None
 Summon Demon             Summ           #######...   1%          5    None
 Yara's Violent Unravell  Hex/Tmut       ######....   1%          5    None
 Hydra Form               Tmut           #######...   1%          6    ###....
 Blink                    Tloc           N/A          2%          2    None
 Ensorcelled Hibernation  Hex/Ice        #####.       2%          2    None
 Searing Ray              Conj           #####.       2%          2    None
 Slow                     Hex            #####...     2%          2    None
 Throw Flame              Conj/Fire      #####.       2%          2    None
 Throw Frost              Conj/Ice       #####.       2%          2    None
 Dragon Form              Tmut           #######...   2%          7    #####..
 Shadow Creatures         Summ           N/A          3%          6    ###....
 Conjure Flame            Conj/Fire      #####...     4%          3    None
 Inner Flame              Hex/Fire       #####...     4%          3    None
 Bolt of Magma            Conj/Fire/Erth ######....   4%          5    None
 Death Channel            Necr           #######...   4%          6    ###....
 Confuse                  Hex            #####...     5%          3    None
 Dazzling Spray           Conj/Hex       #####.       5%          3    None
 Gell's Gravitas          Tloc           #####.....   5%          3    None
 Lesser Beckoning         Tloc           #####.....   5%          3    None
 Portal Projectile        Hex/Tloc       #####.       5%          3    None
 Teleport Other           Tloc           #####...     5%          3    None
 Tukima's Dance           Hex            #####...     5%          3    None
 Summon Forest            Summ/Tloc      ######....   5%          5    None
 Summon Mana Viper        Hex/Summ       ######..     5%          5    None
 Bolt of Draining         Conj/Necr      ######....   7%          5    None
 Iskenderun's Battlesphe  Conj/Chrm      ######..     7%          5    None
 Conjure Ball Lightning   Conj/Air       #######...   8%          6    ###....
 Iron Shot                Conj/Erth      #######...   9%          6    ###....
 Sticky Flame             Conj/Fire      #####...     16%         4    None
 Monstrous Menagerie      Summ           #######...   17%         7    #####..
 Summon Greater Demon     Summ           #######...   17%         7    #####..
 Summon Hydra             Summ           #######...   17%         7    #####..
 Cause Fear               Hex            #####.....   19%         4    None
 Force Lance              Conj/Tloc      #####...     19%         4    None
 Fulminant Prism          Conj/Hex       #####.....   19%         4    None
 Iskenderun's Mystic Bla  Conj           #####...     19%         4    None
 Olgreb's Toxic Radiance  Pois           #####...     19%         4    None
 Throw Icicle             Conj/Ice       #####...     19%         4    None
 Haunt                    Necr/Summ      #######...   22%         7    #####..
 Freezing Cloud           Conj/Ice/Air   ######....   26%         6    ###....
 Simulacrum               Ice/Necr       ######....   36%         6    ###....
 Fireball                 Conj/Fire      #####.....   38%         5    None
 Metabolic Englaciation   Hex/Ice        #####.....   45%         5    None
 Venom Bolt               Conj/Pois      #####.....   45%         5    None
 Necromutation            Tmut/Necr      #######...   52%         8    ######.
 Tornado                  Air            ########..   77%         9    #######
 Summon Horrible Things   Summ           #######...   78%         8    ######.
 Malign Gateway           Summ/Tloc      ######....   86%         7    #####..
 Ring of Flames           Chrm/Fire      ######....   86%         7    #####..
 Spellforged Servitor     Conj/Summ      ######....   86%         7    #####..
 Shatter                  Erth           #######...   87%         9    #######
 Borgnjor's Revivificati  Necr           #######...   90%         8    ######.
 Death's Door             Chrm/Necr      #######...   90%         8    ######.
 Infestation              Necr           #######...   90%         8    ######.
 Bolt of Fire             Conj/Fire      #####.....   93%         6    ###....
 Bolt of Cold             Conj/Ice       #####.....   96%         6    ###....
 Darkness                 Hex            #####.....   96%         6    ###....
 Dispersal                Tloc           #####.....   96%         6    ###....
 Ozocubu's Refrigeration  Ice            #####.....   96%         6    ###....
 Poison Arrow             Conj/Pois      #####.....   96%         6    ###....
 Chain Lightning          Conj/Air       #######...   97%         8    ######.
 Lehudib's Crystal Spear  Conj/Erth      #######...   98%         8    ######.
 Orb of Destruction       Conj           #####.....   100%        7    #####..
 Controlled Blink         Tloc           N/A          100%        8    ######.
 Discord                  Hex            #####.....   100%        8    ######.
 Disjunction              Tloc           #####.....   100%        8    ######.
 Ignition                 Fire           #####.....   100%        8    ######.
 Dragon's Call            Summ           #######...   100%        9    #######
 Fire Storm               Conj/Fire      #####.....   100%        9    #######
 Glaciate                 Conj/Ice       #####.....   100%        9    #######
 Passage of Golubria      Tloc           Unusable     N/A         4    N/A

Dungeon Overview and Level Annotations

Branches:
Dungeon (15/15)            Temple (0/1) D:6            Lair (6/6) D:11
 Shoals (4/4) Lair:4       Spider (4/4) Lair:2        Slime (5/5) Lair:5
    Orc (2/2) D:10            Elf (3/3) Orc:2        Vaults (5/5) D:14
  Crypt (3/3) Vaults:2       Tomb (3/3) Crypt:3      Depths (5/5) D:15
   Hell (1/1)                 Dis (7/7) Hell            Geh (7/7) Hell
    Coc (7/7) Hell            Tar (7/7) Hell            Zot (5/5) Depths:5

Altars:
Cheibriados
Dithmenos
Elyvilon
Gozag
Hepliaklqana
Kikubaaqudgha
Makhleb
Okawaru
Qazlal
Sif Muna
Trog
Uskayaw
Vehumet
Xom
Yredelemnul
Jiyva

Shops:
D:7 *   Orc:1 *   Orc:2 [}%%}   Shoals:2 %}=(*   Vaults:1 [   Vaults:2 [
Vaults:5 (

Portals:
Hell: Depths:1 Depths:2 Depths:3 Depths:4 Depths:5
Abyss: Depths:4
Pandemonium: Depths:1 Depths:2 Depths:3

Annotations:
D:13 1 runed translucent door, Flugkiller's ghost, journeyman OpAs
Lair:2 3 runed translucent doors, Froggeryz's ghost, journeyman DrVM
Lair:3 2 runed translucent doors, Flugkiller's ghost, journeyman DEFE
Shoals:3 Mara
Shoals:4 1 runed translucent door, Redear's ghost, adept OpFi
Spider:2 2 transporters
Elf:2 3 runed translucent doors
Vaults:4 1 runed translucent door, Lulakk's ghost, adept DDFi
Crypt:1 2 transporters, Hom Ynerri's ghost, veteran GrFi
Crypt:2 2 transporters, exclusion: obsidian statue
Depths:3 1 runed translucent door
Coc:7 exclusion: ice statue


Innate Abilities, Weirdness & Mutations

You have claws for hands.
You have hooves in place of feet.
You have a pair of large horns on your head.
You resist negative energy. (rN+)
You regenerate a lot of health from kills.
You are completely covered in sharp spines.
You are somewhat able to resist unholy torments (1 in 2 success).
Your melee attacks may debilitate your foes.
You can translocate small distances at will.
You have an increased reservoir of magic. (+10% MP)
You passively map a small area around you.
You are covered in fur. (AC +1)
You evolve.


Message History

You now have 47/53 mp.
Unknown command.
You climb upwards.
There is a stone staircase leading down here.
You regained 2 mp, and now have 49/53 mp.
There is a stone staircase leading up here.
MP restored: 53 You climb upwards.
There is a stone staircase leading down here.
There is an open door here.
Your transformation is almost over.
You revert to your normal fleshy form.
Your +2 robe of the Archmagi unmelds from your body.
You feel powerful.
You are feeling very hungry.
You now have 209/209 hp.
Unknown command.
Unknown command.
There is a staircase leading out of the dungeon here.
You have escaped!

# #......# ######## ##.# #
#......###......### ##'.#### #
#.######..######..## #.#..... #
#.# ##..###....###.## #.#..... #
#.###.###..####..##.# #.#..... #
#.##.###.### ###.#.# #(#..... #
#.#.###.## ###.# #.#..... # #.#.#
#.# #####.## ##.#..... # #.#.#
#.## #@##.## #.##.#### #
#..#####.# ##..## ##.##.# #
#......#.## #### ##.###.# #
#......##.### ###.## #.#### #
#......###..#######..## #.#... #
#......# ###.......### #.#.##
###......###################.#.##
..........##.)...............#...
......###.##.####################


There were no monsters in sight!

Vanquished Creatures
  Cerebov (Pan)
  Antaeus (Coc:7)
  Asmodeus (Geh:7)
  the Royal Jelly (Slime:5)
  Ereshkigal (Tar:7)
  Gloorx Vloq (Pan)
  Mnoleg (Pan)
  Lom Lobon (Pan)
  the Serpent of Hell (Geh:7)
  Dispater (Dis:7)
  8 orbs of fire
  10 pandemonium lords
  Mennas (Depths:5)
  10 ancient liches
  19 greater mummies
  Boris (thrice) (Vaults:3 Depths:3 Vaults:5)
  7 shard shrikes
  Bai Suzhen (Shoals:3)
  Frederick (Vaults:3)
  10 Killer Klowns
  Saint Roka (Depths:1)
  2 curse toes
  Geryon (Hell)
  Margery (Vaults:4)
  2 caustic shrikes
  4 golden dragons
  Jory (Depths:3)
  2 profane servitors
  8 bone dragons
  Nikola (Vaults:1)
  11 doom hounds
  17 Brimstone Fiends
  25 Tzitzimimeh
  4 electric golems
  7 iron giants
  Rupert (Spider:1)
  A hellephant (Zot:5)
  9 Hell Sentinels
  19 tentacled monstrosities
  14 liches
  27 Orb Guardians
  11 Ice Fiends
  Asterion (Vaults:2)
  2 deep elf blademasters (Elf:3)
  A quicksilver dragon (shapeshifter) (Zig:11)
  13 quicksilver dragons
  6 death cobs
  21 acid blobs
  5 titans
  2 deep elf master archers (Elf:3)
  9 sphinxes
  8 tentacled starspawn
  21 Executioners
  3 krakens
  23 ancient champions
  A daeva (Abyss:5)
  15 shadow dragons
  Polyphemus (Shoals:3)
  A thorn hunter (Zig:6)
  3 eldritch tentacles
  Donald (Shoals:2)
  24 storm dragons
  Ilsuiw (Shoals:3)
  9 draconian monks
  6 tengu reavers
  12 frost giants
  17 azure jellies
  6 deep elf sorcerers
  8 revenants
  19 cacodemons
  8 draconian knights
  2 juggernaut zombies (Hell)
  Aizul (Vaults:1)
  8 ghost moths
  11 black suns
  14 fire giants
  9 draconian scorchers
  38 balrugs
  17 vault wardens
  6 emperor scorpions (Spider:4)
  An orc warlord (Orc:1)
  9 iron dragons
  3 corrupters
  8 warmongers (Pan)
  10 draconian shifters
  Louise (Depths:4)
  4 deep elf elementalists
  3 curse skulls
  10 draconian annihilators
  12 draconian stormcallers
  A ghoul (Crypt:3)
  2 angels (Pan)
  8 blood saints
  56 reapers
  2 stone giants (shapeshifter) (Zig:11)
  2 ophanim (Pan)
  2 elemental wellsprings (Coc:7)
  A juggernaut skeleton (Crypt:2)
  8 entropy weavers
  17 stone giants
  9 very ugly things
  18 green draconians
  14 ironheart preservers
  13 war gargoyles
  10 bennus
  10 vampire knights
  6 deep elf demonologists
  A minotaur (Gauntlet)
  17 black draconians
  14 deep elf annihilators
  10 yellow draconians
  A dire elephant (shapeshifter) (Zig:11)
  8 lorocyprocas
  10 red draconians
  17 purple draconians
  6 white draconians
  5 spark wasps
  11 deep elf death magi
  16 ettins
  10 merfolk javelineers
  3 eidola
  6 green deaths
  35 jiangshi
  6 death oozes
  23 blizzard demons
  20 mummy priests
  2 crystal guardians
  Josephine (Lair:4)
  13 merfolk impalers
  21 yaktaur captains
  12 fire dragons
  A kraken zombie (Coc:7)
  4 quicksilver dragon zombies
  13 great orbs of eyes
  6 deep elf high priests
  27 ice dragons
  Fannar (D:10)
  30 vault guards
  7 monstrous demonspawn
  11 rakshasas
  A catoblepas (Shoals:3)
  5 hell beasts
  8 death knights
  5 quicksilver dragon skeletons
  An alligator (Zig:6)
  6 hydras
  3 merfolk avatars
  4 spriggan air magi
  A ghost crab (Tar:3)
  10 ogre magi
  11 centaur warriors
  5 merfolk aquamancers
  A two-headed ogre (shapeshifter) (Vaults:5)
  22 two-headed ogres
  2 alligator snapping turtles (Zig:10)
  50 death scarabs
  2 death yaks (Shoals:3)
  14 dancing weapons
  6 tengu warriors
  7 deep troll earth magi
  3 deep troll shamans
  5 satyrs
  15 hell hogs
  4 spriggan berserkers
  14 vampire magi
  5 titan zombies
  38 sun demons
  3 thrashing horrors
  An iron golem (Dis:1)
  21 soul eaters
  11 deep elf knights
  2 spriggans (Depths:5)
  5 storm dragon zombies
  71 hell knights
  2 fire crabs (shapeshifter)
  4 wretched stars
  10 shadow wraiths
  A salamander mystic (Volcano)
  2 titan skeletons
  23 sixfirhies
  5 golden dragon zombies
  A spectral anaconda (Depths:2)
  9 sea snakes
  11 torturous demonspawn (Pan)
  13 anaconda zombies
  21 deep trolls
  4 death drakes
  A spatial maelstrom (Zig:13)
  7 storm dragon skeletons
  5 gelid demonspawn (Pan)
  22 shadow demons
  101 skeletal warriors
  5 unseen horrors
  6 infernal demonspawn (Pan)
  A swamp dragon (shapeshifter) (D:15)
  4 wizards
  18 flayed ghosts
  5 orange crystal statues
  11 glowing orange brains
  3 ghost moth zombies
  38 large abominations
  7 obsidian statues
  2 harpies (shapeshifter)
  5 lindwurms
  18 deep elf archers
  11 ironbrand convokers
  7 iron dragon zombies
  29 necromancers
  19 phantasmal warriors
  A sphinx zombie (Hell)
  2 golden dragon skeletons
  Pikel (D:5)
  5 shadow dragon zombies
  3 wolf spider zombies
  3 mana vipers (Depths:2)
  4 shadow dragon skeletons
  8 anaconda skeletons
  14 harpies
  A tengu zombie (Hell)
  56 deep elf magi
  39 wolf spiders
  16 fauns
  3 stone giant zombies
  18 manticores
  18 orc knights
  6 orc sorcerers
  40 ugly things
  4 shining eyes
  A glowing shapeshifter (Vaults:5)
  7 frost giant zombies
  A worldbinder (Zig:13)
  17 orb spiders
  77 slime creatures
  6 fire giant zombies
  6 dire elephant zombies
  7 salamanders
  30 moths of wrath
  34 rust devils
  A moth of wrath (shapeshifter) (Vaults:5)
  An apocalypse crab (Zig:11)
  14 vault sentinels
  6 cyclopes
  Maurice (D:13)
  A guardian serpent (Lair:6)
  4 iron dragon skeletons
  3 stone giant skeletons
  12 ice statues
  2 titan simulacra
  5 elephants (Lair:6)
  A naga mage (Zig:12)
  2 fire giant skeletons
  4 frost giant skeletons
  5 merfolk sirens
  35 smoke demons
  8 water nymphs
  A spiny frog (shapeshifter) (Vaults:4)
  An eye of devastation (shapeshifter) (Depths:2)
  8 torpor snails
  Joseph (Lair:1)
  7 molten gargoyles
  18 spiny frogs
  5 black mambas
  5 dire elephant skeletons
  4 eyes of devastation
  A red draconian zombie (Hell)
  31 orange demons
  A green draconian zombie (Dis:7)
  2 yaktaur zombies (Hell)
  A redback zombie (D:15)
  6 rime drakes
  A kobold demonologist (D:15)
  2 emperor scorpion zombies
  4 iron troll zombies (Dis:1)
  21 hellions
  57 yaktaurs
  12 efreet
  A catoblepas zombie (Crypt:1)
  35 freezing wraiths
  18 demonic crawlers
  5 komodo dragons
  A minotaur skeleton (Pan)
  36 ice devils
  3 spectral merfolk (Depths:2)
  19 hellwings (Pan)
  A silent spectre (Tar:6)
  25 tormentors
  An anaconda simulacrum (Depths:2)
  A queen ant zombie (Crypt:2)
  39 guardian mummies
  38 red devils
  A harpy zombie (Tar:3)
  42 merfolk
  4 trolls
  4 tengu conjurers
  2 trolls (shapeshifter)
  2 shadow dragon simulacra
  A catoblepas skeleton (Geh:7)
  5 ancient zymes
  3 meliai (D:14)
  3 tyrant leeches (Lair:6)
  8 hydra zombies
  3 harpy skeletons
  6 wind drakes
  2 hornets (shapeshifter)
  A deep troll zombie (Hell)
  A polar bear (Lair:6)
  A wolf spider simulacrum (Coc:7)
  A jumping spider (shapeshifter) (Depths:4)
  42 jumping spiders
  A raiju (shapeshifter) (Vaults:1)
  10 hippogriffs
  A fire giant simulacrum (Hell)
  3 ice dragon zombies
  A blink frog (shapeshifter) (Depths:4)
  Grinder (D:5)
  A wind drake (shapeshifter) (Vaults:4)
  17 hornets
  A jumping spider zombie (Crypt:1)
  A meliai zombie (D:14)
  8 bog bodies
  5 alligator zombies
  19 raiju
  5 blink frogs (Lair:2)
  5 ettin zombies
  6 hydra skeletons
  4 dream sheep (Lair:6)
  13 snapping turtles
  5 fire dragon zombies
  A frost giant simulacrum (Vaults:2)
  A stone giant simulacrum (Hell)
  4 ice dragon skeletons
  77 redbacks
  133 flying skulls
  3 alligator skeletons
  8 fire dragon skeletons
  19 water elementals
  An air elemental (Elf:2)
  28 shadows
  15 wyverns
  18 tarantellas
  A black mamba skeleton (Tar:7)
  An ettin skeleton (Coc:6)
  4 vampires
  23 ynoxinuls
  An ushabti (Tomb:1)
  24 fire elementals
  2 yaks (shapeshifter)
  56 yaks
  5 fire bats (Volcano)
  32 wraiths
  2 basilisks
  2 hogs (shapeshifter)
  A golden eye (shapeshifter) (Spider:3)
  21 neqoxecs
  4 hungry ghosts
  A minotaur simulacrum (Depths:2)
  9 golden eyes
  21 chaos spawn
  A steam dragon (shapeshifter) (Vaults:5)
  4 vampire mosquitoes (D:15)
  A faun zombie (Crypt:1)
  Menkaure (D:5)
  A spatial vortex (Abyss:2)
  An infernal demonspawn zombie (Crypt:1)
  6 wargs
  A catoblepas simulacrum (Abyss:5)
  2 spectral spiny frogs (Gauntlet)
  A yaktaur simulacrum (Vaults:1)
  A merfolk zombie (Geh:3)
  A soldier ant (D:12)
  2 acid dragons
  An insubstantial wisp (Zig:6)
  A swamp worm (shapeshifter) (Vaults:5)
  2 hydra simulacra (Depths:2)
  2 spectral spriggans (Depths:2)
  20 water moccasins
  A spectral snapping turtle (Crypt:3)
  7 spiny frog zombies
  A porcupine (shapeshifter) (Depths:3)
  54 hell hounds
  6 porcupines
  A slave (D:5)
  4 floating eyes
  46 orc warriors
  3 spectral trolls (Depths:2)
  3 spiny frog skeletons
  9 phantoms
  21 necrophages
  3 swamp dragon zombies
  An ettin simulacrum (Tomb:3)
  2 sky beasts
  3 black bears
  8 eyes of draining
  4 ice beasts
  A manticore zombie (Dis:1)
  A black bear (shapeshifter) (Depths:1)
  An elf zombie (Vaults:2)
  4 swamp drakes (Depths:5)
  3 snapping turtle zombies
  28 ogres
  3 boggarts (Depths:1)
  A snapping turtle skeleton (Geh:6)
  14 wolves
  A manticore skeleton (Dis:4)
  29 centaurs
  3 crocodiles
  A fire crab zombie (Crypt:2)
  2 big kobolds
  11 bullfrogs
  11 small abominations
  3 earth elementals
  2 wyvern skeletons
  A water moccasin zombie (D:9)
  3 scorpions
  A spriggan zombie (Dis:2)
  2 spectral nagas (Depths:2)
  15 killer bees
  2 troll zombies
  61 wights
  A spectral ogre (Depths:2)
  2 howler monkeys (D:12)
  A warg skeleton (Crypt:2)
  An electric eel (Spider:4)
  4 crimson imps
  A spectral centaur (Depths:2)
  4 draconian simulacra (IceCv)
  7 centaur zombies
  3 human zombies
  6 lava snakes (Volcano)
  6 quasits
  66 starcursed masses
  9 hounds
  5 jellies
  20 orc priests
  3 bullfrog skeletons
  Ijyb (D:3)
  2 black bear zombies (Crypt:1)
  3 centaur skeletons
  21 iron imps
  A human skeleton (Geh:7)
  Natasha (twice) (D:3)
  3 iguanas (D:10)
  10 worker ants
  30 orc wizards
  3 troll simulacra (IceCv)
  A spriggan simulacrum (Depths:2)
  14 hell rats
  A lightning spire (Abyss:4)
  A naga zombie (Crypt:1)
  An ogre zombie (Geh:3)
  3 centaur simulacra
  2 tengu skeletons
  A naga skeleton (Tar:2)
  An ogre skeleton (Geh:7)
  A big kobold skeleton (Crypt:2)
  2 hound zombies (D:5)
  3 hound skeletons
  A howler monkey skeleton (D:7)
  31 mummies
  10 adders
  9 gnolls
  An ogre simulacrum (IceCv)
  12 river rats (Lair:1)
  10 shadow imps
  10 white imps
  4 ufetubi (Gauntlet)
  3 oozes
  An adder skeleton (D:4)
  2 adder zombies
  A lava snake skeleton (Crypt:1)
  5 worms
  6 dart slugs
  3 leopard geckos
  106 orcs
  5 giant cockroaches
  8 goblins
  6 hobgoblins
  10 jackals
  10 quokkas
  A ball python (D:3)
  7 bats
  2 frilled lizards
  A frilled lizard skeleton (Crypt:1)
  A goblin zombie (Ossuary)
  7 hobgoblin zombies (Ossuary)
  A jackal zombie (Ossuary)
  19 kobolds
  11 kobold zombies (Ossuary)
  A leopard gecko skeleton (D:6)
  11 orc zombies
  20 rats
  2 rat zombies (Ossuary)
  2 bushes (Abyss:2)
  2 crawling corpses (Elf:3)
  4 fire vortices (Pan)
  A fungus (Lair:6)
  9 starspawn tentacles
  11 tentacles
4748 creatures vanquished.

Vanquished Creatures (collateral kills)
  Gastronok (Lair:3)
  A draconian shifter (Zot:1)
  2 reapers (Zig:9)
  A red draconian (Zot:1)
  A two-headed ogre (D:8)
  Nergalle (D:10)
  2 hell knights (Dis:7)
  A sea snake (Shoals:3)
  A frost giant zombie (Zig:9)
  An ice devil (Zig:9)
  An iron imp (Zig:9)
  Natasha (D:3)
  An adder (D:3)
  2 jackals (D:3)
  A goblin (D:3)
  A kobold (D:3)
19 creatures vanquished.

Vanquished Creatures (others)
  A Killer Klown (Zot:5)
  2 sphinxes (Tomb:1)
  An ironheart preserver (Vaults:1)
  An elemental wellspring (Coc:7)
  A dire elephant (D:15)
  A blizzard demon (Pan)
  A centaur warrior (D:15)
  A death yak (Shoals:3)
  A soul eater (Pan)
  2 small abominations
  A lindwurm (Depths:5)
  2 deep trolls (Depths:5)
  A golden dragon skeleton (Geh:7)
  A faun (Shoals:4)
  A spiny frog (Zig:6)
  A smoke demon (Pan)
  A jumping spider (Spider:4)
  A bog body (Coc:7)
  A raiju (Abyss:5)
  A water elemental (Zig:10)
  3 chaos spawn (Pan)
  3 slaves (D:5)
  A centaur (Vaults:1)
  An earth elemental (Elf:3)
  2 wights
  A white imp (Hell)
  7 ball lightnings (Pan)
  2 giant cockroaches (Geh:7)
  A block of ice (Pan)
  A briar patch (Zig:6)
  A bush (Depths:5)
  A crawling corpse (Elf:3)
  12 fungi (Lair:6)
  70 plants
  11 starspawn tentacles
  40 tentacles
  A withered plant (Gauntlet)
181 creatures vanquished.

Grand Total: 4948 creatures vanquished

Notes
Turn   | Place    | Note
-------+----------+-------------------------------------------
     0 | D:1      | DEFE the Demonspawn Wanderer began the quest for the Orb.
     0 | D:1      | DEFE set off with the following items: a +0 hand crossbow,
                  | a phial of floods, 31 bolts, a +0 robe, a ration; and the
                  | following spell memorised: Summon Butterflies; and the
                  | following spells available to memorise: Recall
     0 | D:1      | Reached XP level 1. HP: 16/16 MP: 2/2
   332 | D:1      | Gained mutation: You have a pair of small horns on your
                  | head. [demonic ancestry]
   332 | D:1      | Reached XP level 2. HP: 20/22 MP: 3/3
   516 | D:1      | Reached skill level 1 in Unarmed Combat
   868 | D:1      | Gained mutation: You have large cloven feet. [demonic
                  | ancestry]
   868 | D:1      | Reached XP level 3. HP: 27/27 MP: 4/4
  1174 | D:2      | Found a shadowy altar of Dithmenos.
  1249 | D:2      | Reached skill level 2 in Unarmed Combat
  1811 | D:2      | Reached XP level 4. HP: 33/33 MP: 5/5
  1842 | D:2      | Reached skill level 3 in Unarmed Combat
  2500 | D:3      | Noticed Natasha
  2507 | D:3      | Killed Natasha
  2622 | D:3      | Found a bloodstained altar of Trog.
  2815 | D:3      | Reached XP level 5. HP: 36/38 MP: 6/6
  2848 | D:3      | Found a deep blue altar of Sif Muna.
  2857 | D:3      | Became a worshipper of Sif Muna the Loreminder
  2862 | D:3      | Found a basalt altar of Yredelemnul.
  2866 | D:3      | Found a hazy altar of Hepliaklqana.
  3056 | D:3      | Reached skill level 4 in Unarmed Combat
  3330 | D:3      | Noticed Ijyb
  3424 | D:4      | Found a stormy altar of Qazlal.
  4000 | D:4      | Reached skill level 5 in Unarmed Combat
  4007 | D:4      | Reached XP level 6. HP: 23/44 MP: 7/7
  4274 | D:3      | Noticed Natasha
  4278 | D:3      | Killed Natasha
  4303 | D:3      | Noticed Natasha
  4319 | D:3      | Killed Natasha
  4339 | D:3      | Reached * piety under Sif Muna
  4912 | D:4      | Reached skill level 6 in Unarmed Combat
  4997 | D:4      | Found an opulent altar of Gozag.
  5195 | D:4      | Gained mutation: You have a pair of horns on your head.
                  | [demonic ancestry]
  5195 | D:4      | Reached XP level 7. HP: 48/50 MP: 8/8
  5247 | D:5      | Entered Level 5 of the Dungeon
  5344 | D:5      | Noticed Menkaure
  5536 | D:5      | Found a white marble altar of Elyvilon.
  5579 | D:5      | Reached skill level 7 in Unarmed Combat
  5630 | D:5      | Noticed Pikel
  5758 | D:5      | Noticed Grinder
  5989 | D:6      | Reached ** piety under Sif Muna
  6187 | D:6      | Found an ancient bone altar of Kikubaaqudgha.
  6230 | D:6      | Identified the +11 rapier "Tagimey" {freeze, rN+ Str+6}
  6255 | D:6      | Reached skill level 8 in Unarmed Combat
  6368 | D:6      | Reached XP level 8. HP: 56/56 MP: 9/9
  6531 | D:6      | Found a staircase to the Ecumenical Temple.
  6567 | D:6      | Reached skill level 1 in Short Blades
  7178 | D:7      | Found Zoddo's Assorted Antiques.
  7186 | D:7      | Bought a green potion for 24 gold pieces
  7186 | D:7      | Bought a shiny chain mail for 202 gold pieces
  7210 | D:7      | Found a sand-covered staircase.
  7218 | Ossuary  | Entered an ossuary
  7276 | Ossuary  | Reached skill level 5 in Short Blades
  7278 | Ossuary  | Reached *** piety under Sif Muna
  7397 | Ossuary  | Reached **** piety under Sif Muna
  7614 | D:7      | Gained mutation: You have hoof-like feet. [demonic
                  | ancestry]
  7614 | D:7      | Reached XP level 9. HP: 54/61 MP: 10/10
  8569 | D:8      | Noticed a two-headed ogre
  8579 | D:8      | Killed a two-headed ogre
  8982 | D:8      | Found a snail-covered altar of Cheibriados.
  9450 | D:9      | Reached XP level 10. HP: 25/73 MP: 11/11
 10061 | D:9      | Reached skill level 5 in Fighting
 10552 | D:9      | Reached skill level 5 in Armour
 10554 | D:9      | Reached ***** piety under Sif Muna
 10784 | D:10     | Entered Level 10 of the Dungeon
 11073 | D:10     | Noticed Nergalle
 11078 | D:10     | Noticed a spectral orc warlord
 11084 | D:10     | Killed Nergalle
 11423 | D:10     | Found a staircase to the Orcish Mines.
 11457 | D:10     | Reached skill level 1 in Dodging
 11476 | D:10     | Killed an unseen horror
 11676 | D:10     | Received a gift from Sif Muna
 11802 | D:10     | Gained mutation: You have hooves in place of feet. [demonic
                  | ancestry]
 11802 | D:10     | Reached XP level 11. HP: 70/86 MP: 12/12
 11904 | D:10     | Noticed Fannar
 11913 | D:10     | Killed Fannar
 12773 | D:11     | Found a staircase to the Lair.
 13684 | D:5      | Killed Menkaure
 13945 | D:5      | Killed Pikel
 14215 | D:5      | Found an iron altar of Okawaru.
 14235 | D:5      | Found a white marble altar of Elyvilon.
 14331 | D:5      | Killed Grinder
 14424 | D:3      | Killed Ijyb
 14424 | D:3      | Reached skill level 5 in Dodging
 14636 | Lair:1   | Entered Level 1 of the Lair of Beasts
 15014 | Lair:1   | Identified Sif Muna's Papyrus of Translocation (Sif Muna
                  | gifted it to you on level 1 of the Lair of Beasts)
 15014 | Lair:1   | Received a gift from Sif Muna
 15342 | Lair:1   | Noticed Joseph
 15355 | Lair:1   | Killed Joseph
 15830 | Lair:2   | Reached skill level 5 in Evocations
 15951 | Lair:2   | Noticed an ice dragon
 16317 | Lair:2   | Noticed Froggeryz's ghost (journeyman DrVM)
 16658 | Lair:2   | Found a runed translucent gate.
 16658 | Lair:2   | Found a runed translucent gate.
 16664 | Lair:2   | Found a runed translucent gate.
 16760 | Lair:2   | Noticed a lindwurm
 17079 | Lair:2   | Found a hole to the Spider Nest.
 17205 | Lair:2   | Noticed a lindwurm
 17205 | Lair:2   | Noticed a lindwurm
 17212 | Lair:2   | Noticed a sea snake
 17212 | Lair:2   | a lindwurm changed into a sea snake
 17221 | Lair:2   | Noticed a two-headed ogre
 17221 | Lair:2   | a lindwurm changed into a two-headed ogre
 17224 | Lair:2   | a lindwurm changed into a merfolk
 17228 | Lair:2   | Noticed a lindwurm
 17230 | Lair:2   | a lindwurm changed into an eye of devastation
 17253 | Lair:2   | Gained mutation: You have sharp fingernails. [demonic
                  | ancestry]
 17253 | Lair:2   | Reached XP level 12. HP: 50/93 MP: 16/16
 17456 | Lair:2   | Killed a two-headed ogre
 17457 | Lair:2   | Identified the +1 robe "Jini" {rElec rF++ Str+3}
 17709 | Lair:3   | Found a large runed translucent door.
 18220 | Lair:3   | Noticed a seven-headed hydra
 18228 | Lair:3   | Killed a seven-headed hydra
 18559 | Lair:3   | Noticed Gastronok
 18568 | Lair:3   | Killed Gastronok
 18568 | Lair:3   | Reached skill level 9 in Unarmed Combat
 19005 | Lair:3   | Found a large runed translucent door.
 19009 | Lair:3   | Noticed Flugkiller's ghost (journeyman DEFE)
 19058 | Lair:3   | Noticed a seven-headed hydra
 19063 | Lair:3   | Killed a seven-headed hydra
 19063 | Lair:3   | Identified Birinut's Papyrus of Harmful Sinister Rituals
                  | (Sif Muna gifted it to you on level 3 of the Lair of
                  | Beasts)
 19063 | Lair:3   | Received a gift from Sif Muna
 20367 | Lair:4   | Found a dark tunnel.
 20380 | Volcano  | Entered a volcano
 20702 | Volcano  | Found a bloodstained altar of Trog.
 20814 | Volcano  | Gained mutation: You regenerate a little health from kills.
                  | [demonic ancestry]
 20814 | Volcano  | Reached XP level 13. HP: 69/101 MP: 18/18
 20942 | Volcano  | Learned a level 6 spell: Invisibility
 22108 | Lair:4   | Reached skill level 10 in Dodging
 22674 | Lair:4   | Reached skill level 10 in Fighting
 22674 | Lair:4   | Reached skill level 10 in Unarmed Combat
 22848 | Lair:4   | Found a staircase to the Shoals.
 23553 | Lair:5   | Found a viscous altar of Jiyva.
 23554 | Lair:5   | Found a staircase to the Slime Pits.
 24702 | Lair:6   | Entered Level 6 of the Lair of Beasts
 24702 | Lair:6   | Found a gate leading to a gauntlet.
 24707 | Gauntlet | Entered a Gauntlet
 24707 | Gauntlet | Found a transporter.
 24713 | Gauntlet | Found a transporter.
 24714 | Gauntlet | Found a transporter.
 24730 | Gauntlet | Found a transporter.
 24738 | Gauntlet | Found a transporter.
 24741 | Gauntlet | Found a transporter.
 24757 | Gauntlet | Found a transporter.
 24766 | Gauntlet | Noticed a minotaur
 24769 | Gauntlet | Found a transporter.
 24779 | Gauntlet | Found a transporter.
 24782 | Gauntlet | Noticed a dire elephant
 24784 | Gauntlet | Found a transporter.
 24784 | Gauntlet | Found a transporter.
 24812 | Gauntlet | Found a transporter.
 24814 | Gauntlet | Found a transporter.
 24879 | Gauntlet | Found a transporter.
 24951 | Gauntlet | Goblin1989: !lg defe
 24951 | Gauntlet | beem: 4183. DEFE the Magician (L1 DsWn), slain by a
                  | hobgoblin on D:1 on 2019-08-08 06:17:23, with 0 points
                  | after 22 turns and 0:00:20.
 24951 | Gauntlet | Goblin1989: !lg defe -2
 24951 | Gauntlet | beem: 4182/4183. DEFE the Rapturous (L15 DsWn of Uskayaw),
                  | slain by a tentacle (attached to a kraken) on Shoals:1 on
                  | 2019-08-07 12:43:57, with 99917 points after 38591 turns
                  | and 1:04:40.
 24951 | Gauntlet | Goblin1989: !lg defe -2 -log
 24951 | Gauntlet | beem: 4182/4183. DEFE, XL15 DsWn, T:38591:
                  | https://underhound.eu/crawl/morgue/DEFE/morgue-DEFE-2019080
                  | 7-124357.txt
 24974 | Gauntlet | Gained mutation: You are dopey. (Int -2) [a shining eye]
 24976 | Gauntlet | Gained mutation: Armour fits poorly on your strangely
                  | shaped body. [a shining eye]
 25014 | Gauntlet | Lost mutation: Armour fits poorly on your strangely shaped
                  | body. [potion of mutation]
 25014 | Gauntlet | Lost mutation: You are dopey. (Int -2) [potion of mutation]
 25014 | Gauntlet | Gained mutation: Your muscles are strong. (Str +2) [potion
                  | of mutation]
 25014 | Gauntlet | Gained mutation: You possess an exceptional clarity of
                  | mind. [potion of mutation]
 25021 | Gauntlet | Got a scorched glass ring
 25023 | Gauntlet | Identified the ring "Felimir" {+Fly rN+ Int-4 Dex+5} (You
                  | found it in a Gauntlet)
 25028 | Gauntlet | DEFE: ниче не видно
 25028 | Gauntlet | DEFE: кому в голову пришло масштабировать
 25054 | Gauntlet | Goblin1989: так казуал же нашел решение
 25285 | Gauntlet | DEFE: то чувство когда ты вспонил что нужно было качать
                  | инво
 25302 | Gauntlet | Got a scorched amber ring
 25400 | Gauntlet | Killed a minotaur
 25400 | Gauntlet | Reached skill level 1 in Invocations
 25648 | Gauntlet | DEFE: у меня кстати монстр
 25691 | Lair:6   | Identified Sif Muna's Disquisition on the Scorching Rocks
                  | (Sif Muna gifted it to you on level 6 of the Lair of
                  | Beasts)
 25691 | Lair:6   | Received a gift from Sif Muna
 26034 | Lair:6   | Goblin1989: монстр это тяжело
 26054 | Lair:6   | DEFE: норм
 26054 | Lair:6   | DEFE: под статую самое оно
 26071 | Lair:6   | Goblin1989: он тяжелее остальных из-за проблем со слотами
 26073 | Lair:6   | DEFE: слоты нинужно
 26099 | Lair:6   | Goblin1989: оу, так это монстр с регеном!
 26179 | Lair:6   | Goblin1989: тир 3 еще не выпало?
 26622 | Lair:6   | Reached skill level 11 in Unarmed Combat
 26623 | Lair:6   | DEFE: нет
 26623 | Lair:6   | DEFE: вообще было тяжело
 26623 | Lair:6   | DEFE: пока эту рапиру не нашел
 26782 | Lair:6   | Identified the ring "Ryna Poph" {rPois rF+ rC+} (You found
                  | it in a Gauntlet)
 26817 | Lair:6   | Goblin1989: было бы классно, если аугментациия или хотя бы
                  | пассиф фриз выпал
 26839 | Lair:6   | Reached skill level 10 in Evocations
 26896 | Lair:6   | Found a runed translucent door.
 26929 | Lair:6   | Reached skill level 5 in Invocations
 27143 | Lair:6   | DEFE: лол
 27143 | Lair:6   | DEFE: да мне там любая зайдет
 27143 | Lair:6   | DEFE: крофе хф наверное
 27355 | Lair:6   | Paralysed by a hornet for 3 turns
 27408 | Lair:6   | Goblin1989: ну вот кстати феллфайер это интересная идекя
 27817 | Lair:6   | DEFE: бесполезен
 27817 | Lair:6   | DEFE: вот если бы он ману жрал
 27817 | Lair:6   | Goblin1989: будет ли он разгонять реген? Какой у него урон
                  | там? Насколько он сильно хп просаживает?
 27817 | Lair:6   | DEFE: или дафал иммун хф
 27817 | Lair:6   | Goblin1989: знать бы это все
 27817 | Lair:6   | DEFE: реген разгоняет
 27817 | Lair:6   | DEFE: хр просаживает сильно
 27817 | Lair:6   | DEFE: в теории можно комбо
 27817 | Lair:6   | DEFE: дес дор
 27817 | Lair:6   | DEFE: и хф
 27842 | Lair:6   | Reached XP level 14. HP: 106/110 MP: 21/21
 28797 | Lair:6   | Identified Labiz's Collected Works on the Creative Oath
                  | (Sif Muna gifted it to you on level 6 of the Lair of
                  | Beasts)
 28797 | Lair:6   | Received a gift from Sif Muna
 29609 | Orc:1    | Entered Level 1 of the Orcish Mines
 29609 | Orc:1    | Noticed an orc warlord
 29614 | Orc:1    | Goblin1989: а схс так и не наладили :(
 29615 | Orc:1    | Cast into level 2 of the Abyss (orc warlord)
 29629 | Abyss:2  | Found a corrupted altar of Lugonu.
 29697 | Abyss:2  | Goblin1989: плакал мой тенгу
 29723 | Abyss:2  | DEFE: ех
 29744 | Abyss:2  | Goblin1989: кстати!
 29756 | Abyss:2  | Noticed a starcursed mass
 29791 | Abyss:2  | Goblin1989: сейчас по идее и статистика как надо работать
                  | не должна!
 29837 | Abyss:2  | Goblin1989: !decentchar .
 29841 | Abyss:2  | beem: The RNG chooses: GrCj
 29935 | Abyss:2  | Goblin1989: !hs
 29938 | Abyss:2  | beem: 2997. Goblin1989 the Slayer (L27 DsFi of Gozag),
                  | escaped with the Orb and 15 runes on 2016-10-23 02:08:02,
                  | with 15964699 points after 98135 turns and 9:57:34.
 29966 | Abyss:2  | Goblin1989: !hs -log
 29970 | Abyss:2  | beem: No games for -log (sc<1000000000).>
                  | ERROR: string above had unterminated tag
 29988 | Abyss:2  | Goblin1989: !hs . -log
 29992 | Abyss:2  | beem: 2997. Goblin1989, XL27 DsFi, T:98135:
                  | https://crawl.xtahua.com/crawl/morgue/Goblin1989/morgue-Gob
                  | lin1989-20161023-020802.txt
 30043 | Abyss:2  | Goblin1989: !hs * bucj -log
 30046 | Abyss:2  | beem: No keyword 'bucj'
 30121 | Orc:1    | Escaped the Abyss
 30131 | Orc:1    | DEFE: фух
 30131 | Orc:1    | DEFE: я думал помру там
 30131 | Orc:1    | DEFE: абисс 2
 30131 | Orc:1    | DEFE: все же
 30131 | Orc:1    | DEFE: и без регена
 30169 | Orc:1    | Found Jitan's Assorted Antiques.
 30181 | Orc:1    | Bought an ivory ring for 140 gold pieces
 30273 | Orc:1    | Bought a worn glass wand for 112 gold pieces
 30283 | Orc:2    | Entered Level 2 of the Orcish Mines
 30779 | Orc:1    | Killed an orc warlord
 30779 | Orc:1    | Reached skill level 12 in Unarmed Combat
 30793 | Orc:1    | Paralysed by an orc sorcerer for 5 turns
 31068 | Orc:2    | Identified Sif Muna's Catalogue of Bewitching Confrontation
                  | (Sif Muna gifted it to you on level 2 of the Orcish Mines)
 31068 | Orc:2    | Received a gift from Sif Muna
 31081 | Orc:2    | Found Ampyxtabe's Gadget Boutique.
 31143 | Orc:2    | Found a staircase to the Elven Halls.
 31196 | Orc:2    | Goblin1989: рейнджерэтаж
 31558 | Orc:2    | DEFE: ага
 31558 | Orc:2    | DEFE: у меня рМиссл
 31558 | Orc:2    | DEFE: шарфик как раз
 31659 | Orc:2    | Reached skill level 10 in Invocations
 31785 | Orc:2    | Found Qisoddok's Food Emporium.
 31785 | Orc:2    | Found Iqaf's Gadget Boutique.
 32020 | Orc:2    | Found Reqiar's Armour Shop.
 32022 | Orc:2    | Found Atomniku's Food Shoppe.
 32037 | Orc:2    | Bought a wand of digging (6) for 280 gold pieces
 32041 | Orc:2    | Bought a +3 chain mail of magic resistance for 397 gold
                  | pieces
 32797 | D:12     | Found a hide-covered altar of Uskayaw.
 32799 | D:12     | Identified Sif Muna's Collected Works on Creative Aid (Sif
                  | Muna gifted it to you on level 12 of the Dungeon)
 32799 | D:12     | Received a gift from Sif Muna
 33517 | D:13     | Noticed Maurice
 33523 | D:13     | Killed Maurice
 33615 | D:13     | Goblin1989: огонь от тир 2?\
 33657 | D:13     | DEFE: это палка клаудов была как я понял
 33680 | D:13     | Found a runed translucent door.
 33680 | D:13     | Found a shimmering altar of Xom.
 33680 | D:13     | Noticed Flugkiller's ghost (journeyman OpAs)
 33681 | D:13     | Found the +6 shillelagh "Devastator" {shatter}
 34042 | D:14     | Gained mutation: You are partially covered in sharp spines.
                  | [demonic ancestry]
 34042 | D:14     | Reached XP level 15. HP: 110/115 MP: 23/23
 34043 | D:14     | DEFE: шипы
 34043 | D:14     | DEFE: лол
 34043 | D:14     | DEFE: идеально
 34188 | D:14     | Reached skill level 13 in Unarmed Combat
 34779 | D:14     | Found a gate to the Vaults.
 34959 | D:15     | Entered Level 15 of the Dungeon
 35003 | D:15     | Found a frozen archway.
 35064 | IceCv    | Entered an ice cave
 35652 | IceCv    | Received a gift from Sif Muna
 37431 | D:15     | Found a staircase to the Depths.
 37790 | Shoals:1 | Entered Level 1 of the Shoals
 37790 | Shoals:1 | Noticed Josephine
 37797 | Lair:4   | Killed Josephine
 37969 | Shoals:1 | Noticed a kraken
 37978 | Shoals:1 | Noticed a kraken
 38376 | Shoals:1 | Identified Sif Muna's Tome of Mutagenic Protection (Sif
                  | Muna gifted it to you on level 1 of the Shoals)
 38376 | Shoals:1 | Received a gift from Sif Muna
 38394 | Shoals:1 | Reached skill level 14 in Unarmed Combat
 38588 | Shoals:1 | Killed a kraken
 40522 | Shoals:2 | Identified the amulet "Omuhyt" {Gourm rC- Str+4 Int+7} (You
                  | found it on level 2 of the Shoals)
 40541 | Shoals:2 | Found Vuid's Jewellery Boutique.
 40567 | Shoals:2 | Found Xiror's Assorted Antiques.
 40618 | Shoals:2 | Bought a wand of acid (4) for 168 gold pieces
 40618 | Shoals:2 | Bought a scroll of identify for 42 gold pieces
 40618 | Shoals:2 | Bought a potion of haste for 210 gold pieces
 40618 | Shoals:2 | Bought a potion of curing for 63 gold pieces
 40618 | Shoals:2 | Bought a scroll of identify for 42 gold pieces
 40624 | Shoals:2 | Noticed Donald
 40634 | Shoals:2 | Found Karaz's Antique Weapon Emporium.
 40835 | Shoals:2 | Killed Donald
 40835 | Shoals:2 | Gained mutation: You are mostly covered in sharp spines.
                  | [demonic ancestry]
 40835 | Shoals:2 | Reached XP level 16. HP: 122/122 MP: 27/27
 41051 | Shoals:2 | Reached skill level 15 in Invocations
 41173 | Shoals:2 | Found Fatim's Gadget Shop.
 41174 | Shoals:2 | Found Yduk's Food Emporium.
 41317 | Shoals:2 | Noticed a kraken
 41331 | Shoals:2 | Killed a kraken
 42749 | Shoals:3 | Identified a scroll of acquirement
 42753 | Shoals:3 | Identified the ring of Xom's Whimsicality {+Fly rF++ MR++
                  | Dex+5} (You acquired it on level 3 of the Shoals)
 42980 | Shoals:3 | Identified Sif Muna's Disquisition on Dusty Poisoning (Sif
                  | Muna gifted it to you on level 3 of the Shoals)
 42980 | Shoals:3 | Received a gift from Sif Muna
 43198 | Shoals:3 | Learned a level 6 spell: Statue Form
 43709 | Shoals:3 | Noticed Polyphemus
 43736 | Shoals:3 | Killed Polyphemus
 43736 | Shoals:3 | Reached skill level 1 in Transmutations
 43736 | Shoals:3 | Reached skill level 1 in Earth Magic
 44565 | Shoals:3 | Noticed Bai Suzhen
 44578 | Shoals:3 | Killed Bai Suzhen
 44579 | Shoals:3 | Reached skill level 15 in Unarmed Combat
 44815 | Shoals:3 | Noticed Ilsuiw
 44835 | Shoals:3 | Killed Ilsuiw
 45662 | Shoals:3 | Noticed a kraken
 45696 | Shoals:4 | Entered Level 4 of the Shoals
 46227 | Shoals:4 | Noticed Mara
 46257 | Shoals:4 | Noticed DEFE's illusion
 46389 | Shoals:4 | Noticed a kraken
 46399 | Shoals:4 | Killed a kraken
 47396 | Shoals:4 | Gained mutation: You have very sharp fingernails. [demonic
                  | ancestry]
 47396 | Shoals:4 | Reached XP level 17. HP: 69/133 MP: 29/29
 48175 | Shoals:4 | Found a runed translucent door.
 48255 | Shoals:4 | Got a barnacled rune of Zot
 48345 | Shoals:4 | Found a burning altar of Makhleb.
 48394 | Shoals:4 | Noticed Redear's ghost (adept OpFi)
 48899 | Vaults:1 | Entered Level 1 of the Vaults
 48965 | Vaults:1 | Reached skill level 5 in Earth Magic
 48986 | Vaults:1 | Reached skill level 5 in Transmutations
 49954 | Vaults:1 | Found Qeemen's Armour Shop.
 50015 | Vaults:1 | Noticed Nikola
 50031 | Vaults:1 | Killed Nikola
 50187 | Vaults:1 | Noticed Aizul
 50201 | Vaults:1 | Killed Aizul
 50201 | Vaults:1 | Reached skill level 16 in Unarmed Combat
 50994 | Vaults:2 | Noticed Asterion
 50999 | Vaults:2 | Found Popn's Armour Emporium.
 51004 | Vaults:2 | Gained mutation: You have claws for hands. [demonic
                  | ancestry]
 51004 | Vaults:2 | Reached XP level 18. HP: 74/140 MP: 30/30
 51012 | Vaults:2 | Killed Asterion
 51079 | Vaults:2 | Got a faintly glowing steel amulet
 51080 | Vaults:2 | Identified the amulet "Icwax" {+Inv Regen+ Str+6 Dex-4}
                  | (You found it on level 2 of the Vaults)
 51106 | Vaults:2 | Bought the +3 crown of Dyrovepreva {rElec Int+2 SInv} for
                  | 621 gold pieces
 51106 | Vaults:2 | Found the +3 crown of Dyrovepreva {rElec Int+2 SInv}
 51293 | Vaults:2 | Gained mutation: You have a pair of large horns on your
                  | head. [demonic ancestry]
 51293 | Vaults:2 | Reached XP level 19. HP: 146/146 MP: 31/31
 51702 | Vaults:2 | Identified Sif Muna's Reference Book on the Rocks and the
                  | Frostbite (Sif Muna gifted it to you on level 2 of the
                  | Vaults)
 51702 | Vaults:2 | Received a gift from Sif Muna
 52387 | Vaults:2 | Found a staircase to the Crypt.
 52824 | Vaults:3 | Noticed Boris
 52830 | Vaults:3 | Reached skill level 10 in Earth Magic
 52834 | Vaults:3 | Killed Boris
 52834 | Vaults:3 | Reached skill level 10 in Transmutations
 52928 | Vaults:3 | Noticed Frederick
 52940 | Vaults:3 | Killed Frederick
 54468 | Vaults:4 | Noticed Margery
 54506 | Vaults:4 | Killed Margery
 55158 | Vaults:4 | Gained mutation: You resist negative energy. (rN+) [demonic
                  | ancestry]
 55158 | Vaults:4 | Reached XP level 20. HP: 150/153 MP: 32/32
 55173 | Vaults:4 | Identified the +4 shortbow of the Shining Light {flame,
                  | rElec Int+2}
 55901 | Vaults:4 | Found a runed translucent door.
 55901 | Vaults:4 | Noticed Lulakk's ghost (adept DDFi)
 57405 | Elf:1    | Entered Level 1 of the Elven Halls
 58033 | Elf:1    | Identified the Handbook of Attacks
 59610 | Elf:2    | Found a runed translucent gate.
 59610 | Elf:2    | Found a runed translucent gate.
 59610 | Elf:2    | Found a runed translucent gate.
 59884 | Elf:3    | Entered Level 3 of the Elven Halls
 59884 | Elf:3    | Found a radiant altar of Vehumet.
 60433 | Orc:2    | Bought a lamp of fire for 560 gold pieces
 60827 | Elf:3    | Gained mutation: You are completely covered in sharp
                  | spines. [demonic ancestry]
 60827 | Elf:3    | Reached XP level 21. HP: 155/159 MP: 30/33
 60842 | Elf:3    | Identified the cursed +0 leather armour of Maseghu {rC+++
                  | Str-3 Stlth+}
 60844 | Elf:3    | Reached skill level 5 in Spellcasting
 60852 | Elf:3    | Identified the +1 leather armour of Qinar {+Inv rC+ Str+4}
 60972 | Elf:3    | Identified the +2 cloak of Light {rF+ Int+6} (You found it
                  | on level 3 of the Elven Halls)
 60986 | Elf:3    | Found the +7 great mace "Firestarter" {inner flame, rF++}
 60994 | Elf:3    | Goblin1989: !
 60999 | Elf:3    | Identified the Grimoire of Freezing Self-Knowledge
 61005 | Elf:3    | DEFE: ?
 61010 | Elf:3    | Goblin1989: 6 инты же!
 61013 | Elf:3    | DEFE: да мне особо инта и не нужна
 61086 | Elf:3    | Identified the Catalogue of Flames and Displacement
 61134 | Elf:3    | Goblin1989: шаттер изучишь, будешь в томбе всех им убивать
 61134 | Elf:3    | DEFE: ага
 61134 | Elf:3    | DEFE: только с сиф можно не учить
 61134 | Elf:3    | DEFE: у меня вот си инва нет
 61134 | Elf:3    | Goblin1989: а зачем он нужен?
 61134 | Elf:3    | DEFE: на мотыля охотиться
 61134 | Elf:3    | DEFE: в пауках
 61387 | Spider:1 | Entered Level 1 of the Spider Nest
 61449 | Spider:1 | Noticed Rupert
 61460 | Spider:1 | Killed Rupert
 61523 | Spider:1 | Received a gift from Sif Muna
 62617 | Spider:2 | Found a transporter.
 63015 | Spider:2 | Found a transporter.
 63022 | Spider:2 | Goblin1989: ну только что
 63179 | Spider:2 | DEFE: ага
 63179 | Spider:2 | DEFE: переоценил мотыля
 63630 | Spider:4 | Entered Level 4 of the Spider Nest
 63650 | Spider:4 | Reached skill level 15 in Earth Magic
 63667 | Spider:4 | Identified Bysk's Catalogue of the Hurtful Escort (Sif Muna
                  | gifted it to you on level 4 of the Spider Nest)
 63667 | Spider:4 | Received a gift from Sif Muna
 63672 | Spider:4 | Reached skill level 15 in Transmutations
 63745 | Spider:4 | Got a bound pewter ring
 63746 | Spider:4 | Identified the ring "Jydil" {Int+2 Stlth+} (You acquired it
                  | on level 4 of the Spider Nest)
 65168 | Spider:4 | Identified Sif Muna's Collected Works on Glacial Black
                  | Magic (Sif Muna gifted it to you on level 4 of the Spider
                  | Nest)
 65168 | Spider:4 | Received a gift from Sif Muna
 65199 | Spider:4 | Got a gossamer rune of Zot
 65671 | Depths:1 | Entered Level 1 of the Depths
 65690 | Depths:1 | Noticed Saint Roka
 65699 | Depths:1 | Killed Saint Roka
 65699 | Depths:1 | Reached XP level 22. HP: 145/165 MP: 31/34
 65839 | Depths:1 | Found a one-way gate leading to the halls of Pandemonium.
 66544 | Depths:1 | Found a gateway to a ziggurat.
 66605 | Depths:1 | Found a gateway to Hell.
 67099 | Depths:2 | Received a gift from Sif Muna
 67617 | Depths:2 | Reached skill level 10 in Spellcasting
 67618 | Depths:2 | Identified Sif Muna's Incunabulum of Creative
                  | Transformation (Sif Muna gifted it to you on level 2 of the
                  | Depths)
 67618 | Depths:2 | Received a gift from Sif Muna
 67668 | Depths:2 | Noticed an ancient lich
 67674 | Depths:2 | Killed an ancient lich
 68061 | Depths:2 | Paralysed by a floating eye for 4 turns
 68069 | Depths:2 | Paralysed by a floating eye for 4 turns
 68084 | Depths:2 | Found the +10 Black Knight's horse barding {ponderous,
                  | rPois rN+}
 68543 | Depths:3 | Noticed Jory
 68555 | Depths:3 | Killed Jory
 68558 | Depths:3 | Noticed Boris
 68563 | Depths:3 | Paralysed by a floating eye for 4 turns
 68574 | Depths:3 | Killed Boris
 68706 | Depths:3 | Found a portal to a secret trove of treasure.
 68720 | Depths:3 | Gained mutation: You regenerate health from kills. [demonic
                  | ancestry]
 68720 | Depths:3 | Reached XP level 23. HP: 93/173 MP: 37/37
 68808 | Depths:3 | Noticed a caustic shrike
 68812 | Depths:3 | Killed a caustic shrike
 68866 | Depths:3 | Identified Sif Muna's Catalogue of Illusion and
                  | Confrontation (Sif Muna gifted it to you on level 3 of the
                  | Depths)
 68866 | Depths:3 | Received a gift from Sif Muna
 68936 | Depths:3 | Found a burning altar of Makhleb.
 68936 | Depths:3 | Found a runed translucent door.
 68941 | Depths:3 | Identified the +3 dire flail of Fueneuj {drain, +Rage MP+9
                  | Str+4 Int+3}
 69634 | Depths:4 | Reached skill level 17 in Unarmed Combat
 69664 | Depths:4 | Found a one-way gate to the infinite horrors of the Abyss.
 69665 | Depths:4 | Noticed Louise
 69674 | Depths:4 | Killed Louise
 69744 | Depths:4 | You fall into a shaft and drop 1 floor!
 69744 | Depths:5 | Entered Level 5 of the Depths
 69771 | Depths:5 | Noticed Mennas
 69784 | Depths:5 | Killed Mennas
 69914 | Depths:3 | You paid a toll of +2 shadow dragon scales to enter a
                  | treasure trove
 69915 | Trove    | Entered a treasure trove
 70602 | Depths:4 | Paralysed by a floating eye for 4 turns
 70825 | Depths:4 | Identified Sif Muna's Disquisition on Dislocated Lightness
                  | (Sif Muna gifted it to you on level 4 of the Depths)
 70825 | Depths:4 | Received a gift from Sif Muna
 70907 | Depths:4 | Identified Luikung's Compendium of Gliding Ice
 71075 | Depths:4 | HP: 3/180 [something (8)]
 71505 | Depths:5 | Reached skill level 15 in Fighting
 71897 | Depths:5 | Reached skill level 18 in Unarmed Combat
 72122 | Depths:5 | Found a gate to the Realm of Zot.
 72334 | Depths:5 | Gained mutation: You are somewhat able to resist unholy
                  | torments (1 in 2 success). [demonic ancestry]
 72334 | Depths:5 | Reached XP level 24. HP: 129/189 MP: 37/37
 72947 | Depths:5 | Found the +4 moon troll leather armour {Spirit, Regen++
                  | MP+5}
 73341 | Crypt:1  | Entered Level 1 of the Crypt
 73392 | Crypt:1  | Identified Bysatwist's Collected Works on Arcane Weapons
                  | (Sif Muna gifted it to you on level 1 of the Crypt)
 73392 | Crypt:1  | Received a gift from Sif Muna
 73684 | Crypt:1  | Found a transporter.
 73807 | Crypt:1  | You fall into a shaft and drop 1 floor!
 74209 | Crypt:2  | Found a transporter.
 74210 | Crypt:2  | Identified the +8 scythe "Tyduwym" {slice, *Drain rF+ rC+
                  | MR+}
 74300 | Crypt:2  | Identified the ring of Ureihit {+Fly Str+3 Int+4}
 74305 | Crypt:2  | Found a transporter.
 74524 | Crypt:3  | Entered Level 3 of the Crypt
 74581 | Crypt:3  | Reached skill level 19 in Unarmed Combat
 74597 | Crypt:3  | Identified Sif Muna's Handbook of the Mountains and Unholy
                  | Rituals (Sif Muna gifted it to you on level 3 of the Crypt)
 74597 | Crypt:3  | Received a gift from Sif Muna
 74600 | Crypt:3  | Found an ancient bone altar of Kikubaaqudgha.
 74773 | Crypt:3  | Noticed an ancient lich
 74776 | Crypt:3  | Found a staircase to the Tomb.
 74782 | Crypt:3  | Killed an ancient lich
 75110 | Crypt:3  | Received a gift from Sif Muna
 75555 | Crypt:1  | Found a transporter.
 75569 | Crypt:1  | Noticed Hom Ynerri's ghost (veteran GrFi)
 75709 | Vaults:3 | Learned a level 6 spell: Deflect Missiles
 75713 | Vaults:3 | Learned a level 3 spell: Regeneration
 75716 | Vaults:3 | Learned a level 2 spell: Song of Slaying
 75824 | Vaults:5 | Entered Level 5 of the Vaults
 75894 | Vaults:5 | Reached XP level 25. HP: 203/203 MP: 34/37
 75984 | Vaults:5 | Reached skill level 20 in Unarmed Combat
 75986 | Vaults:5 | Found Byorunk's Weapon Boutique.
 75998 | Vaults:5 | Identified the amulet "Amuaciysh" {Acrobat Stlth+}
 76150 | Vaults:5 | Noticed Boris
 76172 | Vaults:5 | Killed Boris
 76175 | Vaults:5 | Received a gift from Sif Muna
 76361 | Vaults:5 | Identified the amulet "Iwkong" {Acrobat MR+ Str+3 Int+3}
 76442 | Vaults:5 | Identified the ring "Mymmotew" {rF+ rC+} (You found it on
                  | level 5 of the Vaults)
 76499 | Vaults:5 | Reached skill level 1 in Charms
 76600 | Vaults:5 | Reached ****** piety under Sif Muna
 76675 | Vaults:5 | Identified the Disquisition on Dusty Shape Shifting
 76690 | Vaults:5 | Identified the +8 quarterstaff of Perversion {crush, MR+}
 76775 | Vaults:5 | Got a silver rune of Zot
 76867 | Vaults:5 | Identified the Incunabulum of Dusty Transmutation
 77068 | Vaults:5 | DEFE: ??sif muna
 77069 | Vaults:5 | DEFE: ??sif muna
 77069 | Vaults:5 | beem: sif muna[1/5]: God of magic and knowledge: 1*:
                  | {divine energy}, 2*: {miscast protection}, 3*: {channel
                  | magic}, 4*: {amnesia}, 5*: Gifts {book acquirement}. Piety
                  | is gained by training magic skills and killing enemies. In
                  | 0.24, piety is gained only from kills, channel magic is 1*,
                  | amnesia is 3*, {divine exegesis} is added at 4*, and divine
                  | energy and miscast protection are removed.
 77069 | Vaults:5 | DEFE: ??divine exegesis
 77069 | Vaults:5 | beem: divine exegesis[1/1]: A 4* invocation of {sif muna}
                  | that lets the player cast any spell in their library
                  | without failure and with a bonus to spellpower from
                  | invocations. The invocations bonus is worth 150% of the
                  | spellpower conferred from equivalent levels of training in
                  | the spell's schools.
 77504 | Zot:1    | Entered Level 1 of the Realm of Zot
 77525 | Zot:1    | Noticed an orb of fire
 77531 | Zot:1    | Killed an orb of fire
 77585 | Zot:1    | Found a huge runed gate.
 77613 | Zot:1    | Received a gift from Sif Muna
 77613 | Zot:1    | Gained mutation: Your melee attacks may debilitate your
                  | foes. [demonic ancestry]
 77613 | Zot:1    | Reached XP level 26. HP: 149/213 MP: 37/37
 77759 | Zot:1    | Found a huge runed gate.
 77790 | Zot:1    | Found a huge runed gate.
 77790 | Zot:1    | Found a huge runed gate.
 77791 | Zot:1    | Found a huge runed gate.
 77792 | Zot:1    | Found a huge runed gate.
 77802 | Zot:1    | Found a huge runed gate.
 77803 | Zot:1    | Found a huge runed gate.
 77804 | Zot:1    | Found a huge runed gate.
 77806 | Zot:1    | Found a huge runed gate.
 77806 | Zot:1    | Found a huge runed gate.
 77806 | Zot:1    | Found a huge runed gate.
 77806 | Zot:1    | Found a huge runed gate.
 77933 | Zot:1    | Reached skill level 5 in Necromancy
 78278 | Zot:1    | Found a huge runed gate.
 78278 | Zot:1    | Found a huge runed gate.
 78278 | Zot:1    | Found a huge runed gate.
 78278 | Zot:1    | Found a huge runed gate.
 78278 | Zot:1    | Found a huge runed gate.
 78278 | Zot:1    | Found a huge runed gate.
 78302 | Zot:1    | Found a huge runed gate.
 78302 | Zot:1    | Found a huge runed gate.
 78302 | Zot:1    | Found a huge runed gate.
 78302 | Zot:1    | Found a huge runed gate.
 78302 | Zot:1    | Found a huge runed gate.
 78303 | Zot:1    | Found a huge runed gate.
 78304 | Zot:1    | Found a huge runed gate.
 78340 | Zot:1    | Found a huge runed gate.
 78340 | Zot:1    | Found a huge runed gate.
 78349 | Zot:1    | Noticed an orb of fire
 78349 | Zot:1    | Noticed an orb of fire
 78349 | Zot:1    | Noticed an orb of fire
 78361 | Zot:1    | Killed an orb of fire
 78368 | Zot:1    | Killed an orb of fire
 78368 | Zot:1    | Reached skill level 5 in Charms
 78375 | Zot:1    | Killed an orb of fire
 79040 | Zot:2    | Reached skill level 21 in Unarmed Combat
 79429 | Zot:2    | Received a gift from Sif Muna
 80242 | Zot:4    | Gained mutation: You regenerate a lot of health from kills.
                  | [demonic ancestry]
 80242 | Zot:4    | Reached XP level 27. HP: 224/224 MP: 32/37
 80636 | Zot:4    | Reached skill level 10 in Necromancy
 81016 | Zot:5    | Entered Level 5 of the Realm of Zot
 81384 | Hell     | Entered the Vestibule of Hell
 81384 | Hell     | Noticed Geryon
 81397 | Hell     | Killed Geryon
 81406 | Hell     | Identified Sif Muna's Grimoire of Helpful Darkness (Sif
                  | Muna gifted it to you in the Vestibule of Hell)
 81406 | Hell     | Received a gift from Sif Muna
 81430 | Hell     | Gained mutation: You occasionally shout uncontrollably at
                  | your foes. [a cacodemon]
 81461 | Hell     | Found a gateway to the decaying netherworld of Tartarus.
 81471 | Tar:1    | Entered Level 1 of Tartarus
 81551 | Tar:1    | Reached skill level 10 in Charms
 81696 | Tar:2    | Reached skill level 15 in Dodging
 81719 | Tar:2    | Reached skill level 22 in Unarmed Combat
 81730 | Tar:2    | Identified Qoug's Tome of Mutagenic Summoning (Sif Muna
                  | gifted it to you on level 2 of Tartarus)
 81730 | Tar:2    | Received a gift from Sif Muna
 82291 | Tar:5    | Identified Sif Muna's Disquisition on Venomous Summoning
                  | (Sif Muna gifted it to you on level 5 of Tartarus)
 82291 | Tar:5    | Received a gift from Sif Muna
 82651 | Tar:7    | Entered Level 7 of Tartarus
 82679 | Tar:7    | Reached skill level 23 in Unarmed Combat
 82781 | Tar:7    | Noticed an ancient lich
 82785 | Tar:7    | Killed an ancient lich
 82787 | Tar:7    | Found the +3 pair of gauntlets of War {Slay+5}
 82880 | Tar:7    | Identified Sif Muna's Grimoire of Confrontation and Calling
                  | (Sif Muna gifted it to you on level 7 of Tartarus)
 82880 | Tar:7    | Received a gift from Sif Muna
 82978 | Tar:7    | Identified the +3 buckler of Objectivity {rC+ Int+2} (You
                  | found it on level 7 of Tartarus)
 83079 | Tar:7    | Identified the ring "Teaqucosch" {rF+ rC+ MR- Int+4 Stlth+}
 83241 | Tar:7    | Noticed Ereshkigal
 83259 | Tar:7    | Killed Ereshkigal
 83275 | Tar:7    | Got a bone rune of Zot
 83389 | Hell     | Found a gateway to the freezing wastes of Cocytus.
 83460 | Hell     | Found a gateway to the ashen valley of Gehenna.
 83511 | Geh:1    | Entered Level 1 of Gehenna
 83574 | Geh:1    | Goblin1989: томбы прошел?
 83579 | Geh:1    | DEFE: не
 83662 | Geh:1    | Reached skill level 24 in Unarmed Combat
 83720 | Geh:1    | You fall into a shaft and drop 1 floor!
 83788 | Geh:3    | Goblin1989: Это я удачно зашел!
 83868 | Geh:4    | You fall into a shaft and drop 2 floors!
 83966 | Geh:7    | Entered Level 7 of Gehenna
 84065 | Geh:7    | Identified the cursed +0 plate armour of Fun and Games
                  | {-Tele rPois Dex+8 Stlth-}
 84065 | Geh:7    | Identified the ring "Gimupiri" {rElec rPois rC+ Dex+4}
 84067 | Geh:7    | Identified the +8 long sword "Reun" {slice, rPois MR+}
 84069 | Geh:7    | Identified the +7 halberd of Gin and Tonic {flame, +Fly
                  | rPois}
 84069 | Geh:7    | Identified the +1 robe "Qaeloyk" {+Blink rC+ Slay+5}
 84193 | Geh:7    | Noticed the Serpent of Hell
 84204 | Geh:7    | Killed the Serpent of Hell
 84363 | Geh:7    | Identified the +7 sceptre of Asmodeus
 84363 | Geh:7    | Noticed Asmodeus
 84378 | Geh:7    | Killed Asmodeus
 84378 | Geh:7    | Reached skill level 25 in Unarmed Combat
 84424 | Geh:7    | Got an obsidian rune of Zot
 84619 | Hell     | Found a gateway to the Iron City of Dis.
 84766 | Dis:1    | Entered Level 1 of the Iron City of Dis
 84889 | Dis:1    | Reached skill level 1 in Summonings
 85137 | Dis:1    | Gained mutation: You are frail. (-10% HP) [mutagenic glow]
 85163 | Dis:1    | Gained mutation: Armour fits poorly on your strangely
                  | shaped body. [mutagenic glow]
 85266 | Dis:1    | Reached skill level 5 in Summonings
 86558 | Dis:6    | You fall into a shaft and drop 1 floor!
 86558 | Dis:7    | Entered Level 7 of the Iron City of Dis
 86573 | Dis:7    | Reached skill level 26 in Unarmed Combat
 86638 | Dis:7    | Reached skill level 10 in Summonings
 86704 | Dis:7    | DEFE: 28ац все же маловато
 86868 | Dis:7    | Learned a level 5 spell: Aura of Abjuration
 87003 | Dis:7    | Identified the +4 staff of Dispater
 87003 | Dis:7    | Noticed Dispater
 87015 | Dis:7    | Killed Dispater
 87036 | Dis:7    | Got an iron rune of Zot
 87564 | Zig:1    | Entered Level 1 of a ziggurat
 87584 | Zig:2    | Entered Level 2 of a ziggurat
 87590 | Zig:2    | Noticed an ancient lich
 87736 | Zig:3    | Entered Level 3 of a ziggurat
 87752 | Zig:3    | Identified the Volume of Combat Magic
 87755 | Zig:3    | Goblin1989: я все-таки пропустил томбы? =(
 87756 | Zig:4    | Entered Level 4 of a ziggurat
 87791 | Zig:4    | DEFE: нет
 87804 | Zig:5    | Entered Level 5 of a ziggurat
 87805 | Zig:5    | Goblin1989: фух
 87811 | Zig:5    | Found the +3 Elemental Staff {rElec rF++ rC++ MR++ AC+5}
 87812 | Zig:5    | Reached skill level 27 in Unarmed Combat
 87822 | Zig:5    | Goblin1989: телефон отвлекал
 87842 | Zig:6    | Entered Level 6 of a ziggurat
 87915 | Zig:7    | Entered Level 7 of a ziggurat
 87960 | Zig:8    | Entered Level 8 of a ziggurat
 88117 | Zig:8    | DEFE: мне шарф нужен
 88117 | Zig:8    | DEFE: и зелья хасты
 88177 | Zig:9    | Entered Level 9 of a ziggurat
 88388 | Zig:9    | Identified Xedgho's Handbook of Earthen Dislocation
 88396 | Zig:9    | DEFE: реально
 88396 | Zig:9    | DEFE: хоть гда надевай
 88396 | Zig:9    | DEFE: че так мало армора
 88396 | Zig:9    | DEFE: рипр на 72
 88396 | Zig:9    | DEFE: бьет
 88402 | Zig:10   | Entered Level 10 of a ziggurat
 88479 | Zig:11   | Entered Level 11 of a ziggurat
 88492 | Zig:11   | Noticed Gakh the pandemonium lord
 88505 | Zig:11   | Killed Gakh the pandemonium lord
 88562 | Zig:12   | Entered Level 12 of a ziggurat
 88802 | Zig:13   | Entered Level 13 of a ziggurat
 88867 | Zig:13   | Got a clouded ruby amulet
 88868 | Zig:13   | Identified the amulet "Losism" {Inacc rF+ SInv} (You found
                  | it on level 13 of a ziggurat)
 88880 | Zig:13   | Lost mutation: You occasionally shout uncontrollably at
                  | your foes. [potion of mutation]
 88880 | Zig:13   | Lost mutation: Armour fits poorly on your strangely shaped
                  | body. [potion of mutation]
 88880 | Zig:13   | Lost mutation: You possess an exceptional clarity of mind.
                  | [potion of mutation]
 88880 | Zig:13   | Lost mutation: You are frail. (-10% HP) [potion of
                  | mutation]
 88880 | Zig:13   | Gained mutation: Your body sometimes deteriorates upon
                  | taking damage. [potion of mutation]
 88880 | Zig:13   | Gained mutation: You passively map a small area around you.
                  | [potion of mutation]
 88908 | Zig:13   | DEFE: вот рЦ мало
 88908 | Zig:13   | DEFE: шарф нет
 89201 | Tomb:1   | Entered Level 1 of the Tomb of the Ancients
 89321 | Tomb:1   | Reached skill level 1 in Air Magic
 89341 | Tomb:1   | Noticed a greater mummy
 89346 | Tomb:1   | Noticed an ancient lich
 89352 | Tomb:1   | Killed an ancient lich
 89353 | Tomb:1   | Killed a greater mummy
 89952 | Tomb:1   | Noticed a greater mummy
 89952 | Tomb:1   | Noticed a greater mummy
 89956 | Tomb:1   | Noticed a greater mummy
 89956 | Tomb:1   | Noticed a greater mummy
 89961 | Tomb:1   | Killed a greater mummy
 89963 | Tomb:1   | Killed a greater mummy
 89964 | Tomb:1   | Noticed a greater mummy
 89966 | Tomb:1   | Killed a greater mummy
 89969 | Tomb:1   | Noticed a greater mummy
 89970 | Tomb:1   | Killed a greater mummy
 89971 | Tomb:1   | Killed a greater mummy
 89977 | Tomb:1   | Killed a greater mummy
 89977 | Tomb:1   | Reached skill level 5 in Air Magic
 90050 | Tomb:1   | Noticed a greater mummy
 90061 | Tomb:1   | Noticed a greater mummy
 90064 | Tomb:1   | Killed a greater mummy
 90064 | Tomb:1   | Reached skill level 15 in Spellcasting
 90074 | Tomb:1   | Killed a greater mummy
 90184 | Tomb:1   | Noticed a greater mummy
 90202 | Tomb:1   | Killed a greater mummy
 90246 | Tomb:1   | Noticed a greater mummy
 90255 | Tomb:1   | Killed a greater mummy
 90385 | Tomb:3   | Entered Level 3 of the Tomb of the Ancients
 90398 | Tomb:3   | Noticed a greater mummy
 90399 | Tomb:3   | Noticed an ancient lich
 90403 | Tomb:3   | Noticed a greater mummy
 90410 | Tomb:3   | Killed an ancient lich
 90416 | Tomb:3   | Killed a greater mummy
 90423 | Tomb:3   | Killed a greater mummy
 90435 | Tomb:3   | Noticed a greater mummy
 90451 | Tomb:3   | Noticed a greater mummy
 90452 | Tomb:3   | Killed a greater mummy
 90456 | Tomb:3   | Noticed a greater mummy
 90465 | Tomb:3   | Noticed a greater mummy
 90468 | Tomb:3   | Killed a greater mummy
 90470 | Tomb:3   | Killed a greater mummy
 90475 | Tomb:3   | Noticed a greater mummy
 90475 | Tomb:3   | Noticed a greater mummy
 90481 | Tomb:3   | Killed a greater mummy
 90497 | Tomb:3   | Killed a greater mummy
 90500 | Tomb:3   | Killed a greater mummy
 90533 | Tomb:3   | Found the +8 demon trident "Rift" {distort, reach+}
 90734 | Tomb:3   | Identified the Handbook of the Unstable Oath
 90804 | Tomb:3   | Found the +8 glaive of the Guard {elec, +Rage AC+5 SInv}
 90891 | Tomb:3   | Got a golden rune of Zot
 91399 | Pan      | Entered Pandemonium
 91841 | Pan      | Noticed Dagodoca the pandemonium lord
 91858 | Pan      | Killed Dagodoca the pandemonium lord
 91867 | Pan      | Got a demonic rune of Zot
 91965 | Pan      | Entered the realm of Cerebov.
 92299 | Pan      | Reached skill level 10 in Air Magic
 92706 | Pan      | Identified the amulet of Imugeg {RegenMP Dex+8} (You found
                  | it in Pandemonium)
 92742 | Pan      | Identified the ring "Hidi Yta" {rN+ MP+9 Str-5 Int+9
                  | Slay+5} (You found it in Pandemonium)
 92763 | Pan      | Identified the amulet "Luadd" {Gourm rElec rPois rC+
                  | Slay+2} (You found it in Pandemonium)
 92766 | Pan      | Identified the Reference Book on Floating Attacks
 92784 | Pan      | Identified the +6 sword of Cerebov {flame}
 92784 | Pan      | Noticed Cerebov
 92796 | Pan      | Killed Cerebov
 92823 | Pan      | Got a fiery rune of Zot
 92889 | Pan      | Entered the realm of Gloorx Vloq.
 93220 | Pan      | Noticed Gloorx Vloq
 93226 | Pan      | Killed Gloorx Vloq
 93256 | Pan      | Got a dark rune of Zot
 93605 | Pan      | Noticed Xiceupn the pandemonium lord
 93612 | Pan      | Killed Xiceupn the pandemonium lord
 93750 | Pan      | Found a huge runed translucent gate.
 93755 | Pan      | Found a huge runed translucent gate.
 93755 | Pan      | Found a huge runed translucent gate.
 93756 | Pan      | Found a huge runed translucent gate.
 93756 | Pan      | Found a huge runed translucent gate.
 93771 | Pan      | Found a huge runed translucent gate.
 93772 | Pan      | Found a huge runed translucent gate.
 93783 | Pan      | Noticed Pahab the pandemonium lord
 93812 | Pan      | Killed Pahab the pandemonium lord
 93918 | Depths:1 | Escaped Pandemonium
 93920 | Pan      | Entered the realm of Mnoleg.
 93920 | Pan      | Entered Pandemonium
 94088 | Pan      | Gained mutation: Your magical capacity is low. (-10% MP) [a
                  | neqoxec]
 94091 | Pan      | Lost mutation: Your body sometimes deteriorates upon taking
                  | damage. [a neqoxec]
 94114 | Pan      | Gained mutation: Your body sometimes deteriorates upon
                  | taking damage. [a neqoxec]
 94143 | Pan      | Gained mutation: You are agile. (Dex +2) [a neqoxec]
 94159 | Pan      | Lost mutation: You are agile. (Dex +2) [a neqoxec]
 94161 | Pan      | Gained mutation: You occasionally shout uncontrollably at
                  | your foes. [a neqoxec]
 94182 | Pan      | Gained mutation: You are clumsy. (Dex -2) [a neqoxec]
 94198 | Pan      | Noticed Mnoleg
 94221 | Pan      | Killed Mnoleg
 94273 | Pan      | Got a glowing rune of Zot
 94417 | Pan      | Noticed Ytotz the pandemonium lord
 94425 | Pan      | Killed Ytotz the pandemonium lord
 94450 | Pan      | Noticed Miwuuv the pandemonium lord
 94458 | Pan      | Killed Miwuuv the pandemonium lord
 94458 | Pan      | Gained mutation: You sometimes yell uncontrollably at your
                  | foes. [a cacodemon]
 94520 | Pan      | Entered the realm of Lom Lobon.
 94520 | Pan      | Noticed Lom Lobon
 94671 | Pan      | Killed Lom Lobon
 94703 | Pan      | Got a magical rune of Zot
 95088 | Pan      | Gained mutation: Potions are less effective at restoring
                  | your health. [a cacodemon]
 95168 | Pan      | Noticed Moqiph the pandemonium lord
 95179 | Pan      | Killed Moqiph the pandemonium lord
 95296 | Pan      | Found an exit through the horrors of the Abyss.
 95338 | Pan      | Took an exit into the Abyss.
 95338 | Abyss:1  | Escaped into the Abyss
 95435 | Abyss:2  | Found a corrupted altar of Lugonu.
 95446 | Abyss:2  | Found a shattered altar of Ashenzari.
 95634 | Abyss:2  | Found a shimmering altar of Xom.
 95635 | Abyss:2  | Found an opulent altar of Gozag.
 95638 | Abyss:2  | Found a deep blue altar of Sif Muna.
 95638 | Abyss:2  | Found a shadowy altar of Dithmenos.
 95639 | Abyss:2  | Found a glowing golden altar of the Shining One.
 95651 | Abyss:2  | Found an ancient bone altar of Kikubaaqudgha.
 95651 | Abyss:2  | Found a sparkling altar of Nemelex Xobeh.
 95651 | Abyss:2  | Found a snail-covered altar of Cheibriados.
 95651 | Abyss:2  | Found a burning altar of Makhleb.
 95651 | Abyss:2  | Found a hazy altar of Hepliaklqana.
 95653 | Abyss:2  | Found a stormy altar of Qazlal.
 95688 | Abyss:3  | Found a corrupted altar of Lugonu.
 95734 | Abyss:4  | Got an abyssal rune of Zot
 95739 | Abyss:5  | Entered Level 5 of the Abyss
 95739 | Abyss:5  | Entered Level 5 of the Abyss
 95930 | Depths:1 | Escaped the Abyss
 95935 | Depths:1 | Lost mutation: Potions are less effective at restoring your
                  | health. [potion of mutation]
 95935 | Depths:1 | Lost mutation: Your body sometimes deteriorates upon taking
                  | damage. [potion of mutation]
 95935 | Depths:1 | Gained mutation: Your magical capacity is very low. (-20%
                  | MP) [potion of mutation]
 95935 | Depths:1 | Gained mutation: You are somewhat resistant to further
                  | mutation. [potion of mutation]
 95936 | Depths:1 | Lost mutation: You are clumsy. (Dex -2) [potion of
                  | mutation]
 95936 | Depths:1 | Lost mutation: You passively map a small area around you.
                  | [potion of mutation]
 95936 | Depths:1 | Lost mutation: You sometimes yell uncontrollably at your
                  | foes. [potion of mutation]
 95937 | Depths:1 | Lost mutation: You occasionally shout uncontrollably at
                  | your foes. [potion of mutation]
 95937 | Depths:1 | Lost mutation: You are somewhat resistant to further
                  | mutation. [potion of mutation]
 95937 | Depths:1 | Lost mutation: Your magical capacity is very low. (-20% MP)
                  | [potion of mutation]
 95937 | Depths:1 | Lost mutation: Your magical capacity is low. (-10% MP)
                  | [potion of mutation]
 95937 | Depths:1 | Gained mutation: Your mind is acute. (Int +2) [potion of
                  | mutation]
 95937 | Depths:1 | Gained mutation: Your magical capacity is low. (-10% MP)
                  | [potion of mutation]
 95937 | Depths:1 | Gained mutation: Your system is resistant to poisons.
                  | (rPois) [potion of mutation]
 96274 | Coc:1    | Entered Level 1 of Cocytus
 96338 | Coc:2    | You fall into a shaft and drop 2 floors!
 96494 | Coc:7    | Entered Level 7 of Cocytus
 96644 | Coc:7    | Reached skill level 15 in Air Magic
 96840 | Coc:7    | Noticed Antaeus
 96856 | Coc:7    | Killed Antaeus
 96877 | Coc:7    | Got an icy rune of Zot
 96879 | Coc:7    | Identified the ring of Agnosticism {+Fly rElec rF- rC+++
                  | Str+2} (You found it on level 7 of Cocytus)
 97324 | Slime:1  | Entered Level 1 of the Pits of Slime
 97502 | Slime:4  | Lost mutation: Your muscles are strong. (Str +2) [a shining
                  | eye]
 97503 | Slime:4  | Gained mutation: You tend to lose your temper in combat. [a
                  | shining eye]
 97504 | Slime:4  | Gained mutation: Your body sometimes deteriorates upon
                  | taking damage. [a shining eye]
 97603 | Slime:5  | Entered Level 5 of the Pits of Slime
 97715 | Slime:5  | Noticed the Royal Jelly
 97722 | Slime:5  | Killed the Royal Jelly
 97751 | Slime:5  | Got a slimy rune of Zot
 97753 | Slime:5  | Identified the ring of Ecubitesh {rC+ rN+ SInv Stlth+} (You
                  | found it on level 5 of the Pits of Slime)
 97773 | Slime:5  | Identified the amulet of Aguum {RegenMP rN+} (You found it
                  | on level 5 of the Pits of Slime)
 97856 | Lair:5   | Lost mutation: Your mind is acute. (Int +2) [potion of
                  | mutation]
 97856 | Lair:5   | Lost mutation: Your magical capacity is low. (-10% MP)
                  | [potion of mutation]
 97856 | Lair:5   | Gained mutation: You are clumsy. (Dex -2) [potion of
                  | mutation]
 97856 | Lair:5   | Gained mutation: You are somewhat resistant to further
                  | mutation. [potion of mutation]
 97857 | Lair:5   | Lost mutation: You tend to lose your temper in combat.
                  | [potion of mutation]
 97857 | Lair:5   | Lost mutation: Your body sometimes deteriorates upon taking
                  | damage. [potion of mutation]
 97857 | Lair:5   | Lost mutation: You are clumsy. (Dex -2) [potion of
                  | mutation]
 97857 | Lair:5   | Lost mutation: You are somewhat resistant to further
                  | mutation. [potion of mutation]
 97857 | Lair:5   | Gained mutation: You evolve. [potion of mutation]
 97857 | Lair:5   | Gained mutation: You have an increased reservoir of magic.
                  | (+10% MP) [potion of mutation]
 98411 | Zot:5    | Noticed an ancient lich
 98412 | Zot:5    | Noticed an ancient lich
 98415 | Zot:5    | Killed an ancient lich
 98420 | Zot:5    | Killed an ancient lich
 98431 | Zot:5    | Noticed an orb of fire
 98438 | Zot:5    | Gained mutation: You tend to lose your temper in combat.
                  | [an orb of fire]
 98439 | Zot:5    | Gained mutation: You are weak. (Str -2) [an orb of fire]
 98440 | Zot:5    | Killed an orb of fire
 98446 | Zot:5    | Noticed an ancient lich
 98453 | Zot:5    | Killed an ancient lich
 98455 | Zot:5    | Noticed an orb of fire
 98467 | Zot:5    | Killed an orb of fire
 98494 | Zot:5    | Noticed an ancient lich
 98506 | Zot:5    | Killed an ancient lich
 98586 | Zot:5    | Noticed an orb of fire
 98595 | Zot:5    | Killed an orb of fire
 98605 | Zot:5    | Noticed an orb of fire
 98610 | Zot:5    | Gained mutation: Scrolls take you a little longer to read.
                  | [an orb of fire]
 98613 | Zot:5    | Gained mutation: You are dopey. (Int -2) [an orb of fire]
 98614 | Zot:5    | Killed an orb of fire
 98683 | Zot:5    | Lost mutation: You are weak. (Str -2) [potion of mutation]
 98683 | Zot:5    | Lost mutation: You tend to lose your temper in combat.
                  | [potion of mutation]
 98683 | Zot:5    | Lost mutation: You are dopey. (Int -2) [potion of mutation]
 98683 | Zot:5    | Gained mutation: You passively map a small area around you.
                  | [potion of mutation]
 98683 | Zot:5    | Gained mutation: Your body sometimes deteriorates upon
                  | taking damage. [potion of mutation]
 98683 | Zot:5    | Gained mutation: You are covered in fur. (AC +1) [potion of
                  | mutation]
 98708 | Zot:5    | Lost mutation: Your system is resistant to poisons. (rPois)
                  | [potion of mutation]
 98708 | Zot:5    | Lost mutation: Your body sometimes deteriorates upon taking
                  | damage. [potion of mutation]
 98708 | Zot:5    | Lost mutation: Scrolls take you a little longer to read.
                  | [potion of mutation]
 98708 | Zot:5    | Gained mutation: You do not regenerate when monsters are
                  | visible. [potion of mutation]
 98708 | Zot:5    | Lost mutation: You do not regenerate when monsters are
                  | visible. [potion of mutation]
 98715 | Zot:5    | Got the Orb of Zot
 98733 | Zot:5    | Paralysed by the power of Zot for 5 turns
 98880 | Zot:1    | Noticed an ancient lich
 98881 | Zot:1    | Killed an ancient lich
 98882 | Zot:1    | Noticed Gukoziri the pandemonium lord
 98889 | Zot:1    | Killed Gukoziri the pandemonium lord
 98997 | Depths:4 | Noticed Xemioh the pandemonium lord
 99013 | Depths:4 | Killed Xemioh the pandemonium lord
 99197 | Depths:2 | Noticed Deituzeq the pandemonium lord
 99207 | Depths:2 | Killed Deituzeq the pandemonium lord
 99369 | D:13     | Gained mutation: You can translocate small distances at
                  | will. [evolution]
 99729 | D:$      | Escaped with the Orb!

Levels and vault maps discovered:
D:1:      dpeg_arrival_solitude, layout_basic, minivault_23,
          hangedman_decor_riveting
D:2:      layout_rooms, serial_park_tiny_pond, nicolae_dithmenos_shadow_blocks
D:3:      layout_basic, lightli_temple_of_fire,
          minmay_overflow_temple_star_quad, bh_walls_and_bars, uniq_ijyb,
          uniq_natasha
D:4:      layout_rooms, grunt_qazlal_sundering,
          nicolae_gozag_cash_rules_everything_around_me, first_ration
D:5:      layout_basic, okawaru_altar_gauntlet_db, lemuel_round_altar,
          basic_altar, uniq_menkaure, uniq_pikel, uniq_grinder
D:6:      layout_loops_cross, lemuel_round_altar,
          minmay_temple_entry_butterflies
D:7:      layout_basic, serial_shops, shop, chequers_ossuary_entry_cave
D:8:      layout_loops_ring, overflow_temple_1_default
D:9:      layout_roguey, hangedman_pestilent_swarm
D:10:     layout_small_grid, orc_0_dummy, hangedman_decor_opposing, uniq_fannar,
          uniq_nergalle
D:11:     layout_stronghold, lair_entry_dummy
D:12:     layout_irregular_city, basic_altar
D:13:     layout_roguey, ebering_ghost_xom, uniq_maurice
D:14:     layout_cave_pods, david_vaults_5, minmay_strange_pillars
D:15:     hangedman_depths_entry_try_elsewhere_first, layout_layer_cave,
          minmay_tree_intersection, portal_ice_cave_rime
Lair:1:   lemuel_ratsnest, layout_cave_pods, lemuel_fruit_tree, uniq_joseph
Lair:2:   layout_gridlike, spider_nest_entry_rubble, gammafunk_ghost_icy,
          minmay_lindwurm_lava
Lair:3:   layout_cave_pods, ebering_ghost_disaster_area, uniq_gastronok
Lair:4:   layout_cave_pods, elwin_shoals_entry_stream,
          nicolae_volcano_entry_s_turn
Lair:5:   layout_cave_pods, slime_altar_1, minmay_holes
Lair:6:   hangedman_lair_tendril_chambers, layout_gridlike, wormcave,
          gauntlet_entry_generic
Shoals:1: layout_shoals, nicolae_shoals_kraken_intersection, uniq_josephine
Shoals:2: layout_shoals, serial_shops, shop, shop, nicolae_shop_window_shopping,
          shop, shop, uniq_donald
Shoals:3: layout_shoals, nicolae_shoals_cliffside_cave, uniq_bai_suzhen,
          uniq_polyphemus, uniq_ilsuiw
Shoals:4: shoals_end_grunt_garden, layout_shoals, ebering_ghost_reflecting_pool,
          lemuel_centaur_altar, uniq_mara
Spider:1: layout_spider_delve, uniq_rupert
Spider:2: gammafunk_its_a_trap
Spider:3: layout_spider_delve
Spider:4: grunt_spider_rune_circles, nicolae_spider_webs_and_nodes
Slime:1:  layout_caves
Slime:2:  layout_caves
Slime:3:  layout_caves
Slime:4:  layout_caves
Slime:5
Orc:1:    layout_diamond_mine, serial_shops, shop
Orc:2:    st_orc_rangers, layout_diamond_mine, serial_shops, shop,
          nicolae_orc_rockfall, minmay_orc_keep
Elf:1:    eino_elf_arrival_shootout, layout_gridlike, minmay_elf_annihilation
Elf:2:    layout_loops_corners
Elf:3:    elf_hall, layout_geoelf_octagon, basic_altar
Vaults:1: vaults_room_door_ring, hangedman_vaults_variations,
          dpeg_vaults_monster_row, ontoclasm_vaults_fault, vaults_room_octagon,
          nicolae_vaults_network_star, nicolae_vaults_network_quinsquares
          [nicolae_vaults_network_quincunx_subvault,
          nicolae_vaults_network_quincunx_subvault,
          nicolae_vaults_network_quincunx_subvault,
          nicolae_vaults_network_quincunx_subvault], vaults_room_boxed,
          vaults_dpeg_spiral, v_alt_pattern_1, ontoclasm_vaults_ring_large,
          nicolae_vaults_triangles, layout_vaults_maze_snakey, serial_shops,
          shop_statue, uniq_aizul, uniq_nikola
Vaults:2: st_squares, minmay_crypt_entry_simple_corners, v_misc_19, v_misc_22,
          hangedman_vaults_trim, hangedman_vaults_restitches, v_pattern_1,
          nicolae_vaults_network_square, hangedman_vaults_trim,
          nicolae_vaults_what_the_h, layout_vaults_ring, serial_shops, shop,
          uniq_asterion
Vaults:3: v_rooms_5, vaults_room_fancy_cross, vaults_room_hallway,
          nicolae_vaults_little_squares_1, nicolae_vaults_circle_grid_b,
          vaults_room_corners, vaults_room_fours, v_misc_15,
          layout_vaults_quadrants, uniq_frederick, uniq_boris
Vaults:4: ebering_vaults_ghost_inner_flame, v_alt_pattern_1, vaults_room_fours,
          nicolae_vaults_border_crossing, nicolae_vaults_minivaults,
          hangedman_vaults_corner, nicolae_vaults_network_barrier,
          vaults_room_fancy_cross, hangedman_vaults_capsules,
          layout_vaults_omnibox, uniq_margery
Vaults:5: serial_shops
Crypt:1:  layout_regular_city, gammafunk_ghost_mausoleum,
          nicolae_crypt_little_mausoleum
Crypt:2:  gammafunk_sealed_arena, layout_basic, hex_medium
Crypt:3:  grunt_crypt_end_deaths_head
Tomb:1
Tomb:2
Tomb:3
Depths:1: layout_basic, enter_ziggurat_a, pan_entry, hangedman_coc_ice_floe,
          hangedman_abyss_or_decor_passed, grunt_ministairs_11,
          minmay_fountain_box, st_stairs_11, kennysheep_generic_room_13,
          serial_bayou_shore_b, firewood_loft, serial_bayou_shore_a,
          uniq_saint_roka
Depths:2: lemuel_river_lethe, hell_entry, pan_entry
Depths:3: minmay_the_grid_triangle_9x9_rhombus_full_mashed
          [minmay_the_grid_triangle_9x9_impossible_snake,
          minmay_the_grid_triangle_9x9_shrine,
          minmay_the_grid_triangle_9x9_checkered,
          minmay_the_grid_triangle_9x9_from_above,
          minmay_the_grid_triangle_9x9_longest,
          minmay_the_grid_triangle_9x9_warning,
          minmay_the_grid_triangle_9x9_subtriangle,
          minmay_the_grid_triangle_9x9_prize_top_heavy], layout_cave_pools,
          hangedman_abyss_or_decor_jellyfish_corner, enter_trove_0,
          grunt_hell_entry_dis_grunt, rand_demon_pan_entry_1,
          minmay_misc_feat_columns, serial_bayou_shore_b, uniq_jory
Depths:4: minmay_split_circle, layout_gridlike, serial_co_window_serial,
          co_window_paths_b, co_window_of_opportunity_a, co_window_cross_1,
          co_window_of_opportunity_a, co_window_corner_a, co_window_paths_b,
          co_window_corner_b, co_window_of_opportunity_b, co_window_broadway_c,
          co_window_paths_c, co_window_sun, glass_columns_a, glass_columns_a,
          nicolae_abyss_entry_one_way_or_another, hell_entry
Depths:5: lemuel_castle_with_subvaults [lemuel_castle_interior_original],
          layout_long_grid, dk_noncrumbling_2, hell_entry, uniq_mennas
Hell
Dis:1:    hangedman_dis_monolith, layout_regular_city, nrook_loot_triangle,
          grunt_megastairs_2
Dis:2:    layout_overlapping_boxes
Dis:3:    layout_subdivisions
Dis:4:    layout_subdivisions, hangedman_player_shredder
Dis:5:    layout_subdivisions, hangedman_dis_decor_blocks_mantle
Dis:6:    layout_jigsaw
Dis:7:    dis_hangedman
Geh:1:    layout_gehenna_lava_caves
Geh:2:    layout_gehenna_lava_caves
Geh:3:    layout_gehenna_lava_caves
Geh:4:    layout_gehenna_pools_basic
Geh:6:    layout_gehenna_pools_box
Geh:7:    evilmike_geh
Coc:1:    layout_ice_bergs
Coc:2:    layout_cocytus_water_paths
Coc:4:    layout_ice_bergs
Coc:5:    layout_cocytus_water_paths
Coc:6:    layout_cocytus_water_paths
Coc:7:    coc_grunt
Tar:1:    layout_cathedral_of_symmetry
Tar:2:    layout_cathedral_of_symmetry
Tar:3:    layout_grid_maze
Tar:4:    layout_honeycomb
Tar:5:    grunt_deathspiral_small, layout_cathedral_of_symmetry
Tar:6:    layout_grid_maze, nicolae_tar_cuneiform_to_be
Tar:7:    tar_grunt, tar_grunt_ereshkigal, tar_grunt_big_loot,
          tar_grunt_small_loot, tar_grunt_small_loot, tar_grunt_small_loot,
          tar_grunt_small_decor_pillar, tar_grunt_decor_3,
          tar_grunt_small_decor_pillar, tar_grunt_decor_6,
          tar_grunt_decor_circle_5, tar_grunt_decor_cross_ortho,
          tar_grunt_small_decor_pillar, tar_grunt_decor_octagon_7,
          tar_grunt_small_decor_pillar, tar_grunt_decor_6,
          tar_grunt_decor_cross_ortho, tar_grunt_decor_1, tar_grunt_decor_6,
          tar_grunt_small_decor_pillar, tar_grunt_decor_4
Zot:1:    layout_gridlike, door_vault
Zot:2:    layout_concentric_octagons, nicolae_lava_and_water
Zot:3:    layout_gridlike
Zot:4:    layout_misc_corridors, grunt_ministairs_5
Zot:5:    layout_gridlike

Skill      XL: |  1  2  3  4  5  6  7  8  9 10 11 12 13 14 15 16 17 18 19 20 21 22 23 24 25 26 27 |
---------------+----------------------------------------------------------------------------------+-----
Crossbows      | 2 |  2.5
Unarmed Combat | 1 2 3 5 6 8 9 11 12 14 15 16 18 19 20 21 27 | 27.0
Short Blades   | 6 8 |  8.4
Armour         | 3 6 |  6.3
Fighting       | 4 7 8 9 10 11 12 15 17 18 19 26 | 26.3
Dodging        | 2 7 9 10 12 13 25 | 25.5
Evocations     | 6 7 10 | 10.0
Invocations    | 6 11 14 16 | 16.0
Shields        | 4 |  4.0
Transmutations | 4 8 12 13 15 16 | 16.0
Earth Magic    | 4 8 12 13 15 17 | 17.0
Spellcasting   | 4 8 10 21 | 21.5
Charms         | 3 7 10 | 10.0
Necromancy     | 4 9 10 | 10.0
Summonings     | 11 | 11.0
Air Magic      | 17 | 17.8
Fire Magic     | |  1.0

Action                   |  1- 3 |  4- 6 |  7- 9 | 10-12 | 13-15 | 16-18 | 19-21 | 22-24 | 25-27 || total
-------------------------+-------+-------+-------+-------+-------+-------+-------+-------+-------++-------
Melee: Unarmed           |     2 |   105 |    66 |       |   204 |   833 |  1304 |   984 |  4151 ||  7649
       Kick              |       |    28 |    72 |   200 |   538 |   368 |   463 |   346 |  1365 ||  3380
       Headbutt          |       |    13 |    41 |   127 |   360 |   227 |   271 |   207 |   843 ||  2089
       Punch             |       |     2 |     8 |    13 |    13 |       |     1 |    75 |   377 ||   489
       Rapier            |       |       |   189 |   631 |  1139 |       |       |       |       ||  1959
 Fire: Hand crossbow     |   106 |    95 |     7 |       |       |       |       |       |       ||   208
Throw: Dart              |       |       |     5 |       |       |       |       |       |       ||     5
       Throwing net      |       |       |       |       |       |       |       |     1 |       ||     1
 Cast: Invisibility      |       |       |       |       |     3 |       |       |       |       ||     3
       Death's Door      |       |       |       |       |       |     2 |     1 |     2 |     4 ||     9
       Statue Form       |       |       |       |       |       |     1 |    35 |    88 |   273 ||   397
       Summon Butterflie |       |       |       |       |       |       |     1 |       |       ||     1
       Regeneration      |       |       |       |       |       |       |       |       |    25 ||    25
       Aura of Abjuratio |       |       |       |       |       |       |       |       |     8 ||     8
       Song of Slaying   |       |       |       |       |       |       |       |       |     6 ||     6
       Deflect Missiles  |       |       |       |       |       |       |       |       |     5 ||     5
       Tornado           |       |       |       |       |       |       |       |       |     5 ||     5
       Borgnjor's Revivi |       |       |       |       |       |       |       |       |     2 ||     2
       Summon Horrible T |       |       |       |       |       |       |       |       |     1 ||     1
       Shatter           |       |       |       |       |       |       |       |       |     1 ||     1
       Infestation       |       |       |       |       |       |       |       |       |     1 ||     1
Invok: Divine Exegesis   |       |       |       |       |     3 |     3 |     7 |     2 |    15 ||    30
       Channel Magic     |       |       |       |       |     1 |       |       |       |       ||     1
 Abil: End Transformatio |       |       |       |       |       |       |       |       |     2 ||     2
Evoke: Phial of floods   |       |     2 |     2 |     2 |     3 |     4 |     3 |       |       ||    16
       Wand              |       |       |       |    19 |    68 |    29 |    37 |    14 |    11 ||   178
       Lamp of fire      |       |       |       |       |       |       |     1 |       |       ||     1
  Use: Potion            |       |     1 |     2 |     2 |    13 |     4 |    11 |     1 |    33 ||    67
       Scroll            |       |       |    14 |    11 |    25 |     8 |    15 |    11 |    60 ||   144
 Stab: Confused          |       |       |       |     2 |       |       |       |     2 |       ||     4
       Paralysed         |       |       |       |     2 |    12 |       |     5 |       |       ||    19
       Distracted        |       |       |       |       |     3 |     1 |       |     1 |     3 ||     8
       Invisible         |       |       |       |       |     6 |       |       |       |       ||     6
  Eat: Chunk             |     2 |     8 |     2 |    13 |    18 |    12 |     7 |    16 |    26 ||   104
       Ration            |       |     1 |     4 |     8 |    13 |     7 |    18 |    18 |    49 ||   118
Armor: Robe              |     1 |       |       |       |       |       |     1 |     7 |    12 ||    21
       Leather armour    |     6 |    17 |       |       |       |       |       |       |       ||    23
       Plate armour      |       |    84 |    88 |       |       |       |       |       |       ||   172
       Chain mail        |       |       |    50 |   263 |   399 |   277 |   190 |       |       ||  1179
       Skin              |       |       |       |       |       |    14 |   339 |   681 |  2198 ||  3232
Dodge: Dodged            |    28 |    56 |    47 |   280 |   692 |   409 |   755 |  1080 |  5834 ||  9181
       Deflected         |       |       |       |    12 |    77 |   113 |    39 |    72 |   123 ||   436
Block: Buckler           |       |       |       |       |   237 |   199 |   267 |       |       ||   703

Table legend:
 A = Non-vault XP
 B = Vault XP
 C = Vault XP percentage of total XP
 D = Non-vault monster count
 E = Vault monster count
 F = Vault count percentage of total count
                 A         B        C        D         E       F
            +---------+---------+-------+---------+---------+-------
      Total | 1899849 | 1802113 |  48.7 |    2999 |    1686 |  36.0
            +---------+---------+-------+---------+---------+-------
        D:1 |      42 |       0 |   0.0 |      21 |       0 |   0.0
        D:2 |      74 |       0 |   0.0 |      19 |       0 |   0.0
        D:3 |     235 |      75 |  24.2 |      32 |       2 |   5.9
        D:4 |     352 |       0 |   0.0 |      21 |       0 |   0.0
        D:5 |     609 |     830 |  57.7 |      17 |       9 |  34.6
        D:6 |     905 |       0 |   0.0 |      23 |       0 |   0.0
        D:7 |    1017 |       0 |   0.0 |      18 |       0 |   0.0
        D:8 |    1291 |       0 |   0.0 |      10 |       0 |   0.0
        D:9 |    2707 |     592 |  17.9 |      30 |       4 |  11.8
       D:10 |    3085 |    1424 |  31.6 |      44 |       2 |   4.3
       D:11 |    1726 |       0 |   0.0 |      23 |       0 |   0.0
       D:12 |    2960 |       0 |   0.0 |      31 |       0 |   0.0
       D:13 |    5412 |     469 |   8.0 |      21 |       1 |   4.5
       D:14 |    3949 |    1568 |  28.4 |      14 |       4 |  22.2
       D:15 |   13444 |    3347 |  19.9 |      36 |       6 |  14.3
     Lair:1 |     931 |    1158 |  55.4 |       3 |      44 |  93.6
     Lair:2 |    4173 |    2654 |  38.9 |      19 |       5 |  20.8
     Lair:3 |    9577 |    1586 |  14.2 |      38 |       1 |   2.6
     Lair:4 |    3277 |    3127 |  48.8 |      15 |       9 |  37.5
     Lair:5 |    3581 |     145 |   3.9 |      13 |       1 |   7.1
     Lair:6 |    8590 |   17319 |  66.8 |      30 |      52 |  63.4
   Shoals:1 |    9981 |    2225 |  18.2 |      21 |       1 |   4.5
   Shoals:2 |   15603 |    2095 |  11.8 |      28 |       1 |   3.4
   Shoals:3 |   18871 |   16075 |  46.0 |      41 |      15 |  26.8
   Shoals:4 |    9033 |   24724 |  73.2 |      15 |      37 |  71.2
   Spider:1 |   18541 |    2921 |  13.6 |      50 |       1 |   2.0
   Spider:2 |   16350 |       0 |   0.0 |      40 |       0 |   0.0
   Spider:3 |    9815 |       0 |   0.0 |      29 |       0 |   0.0
   Spider:4 |   26217 |   24997 |  48.8 |      58 |      40 |  40.8
    Slime:1 |    8139 |       0 |   0.0 |      19 |       0 |   0.0
    Slime:2 |   13802 |       0 |   0.0 |      23 |       0 |   0.0
    Slime:3 |   13382 |       0 |   0.0 |      19 |       0 |   0.0
    Slime:4 |   13604 |       0 |   0.0 |      13 |       0 |   0.0
    Slime:5 |   11852 |   36887 |  75.7 |      18 |      15 |  45.5
      Orc:1 |    3715 |       0 |   0.0 |      39 |       0 |   0.0
      Orc:2 |    3768 |    5257 |  58.2 |      32 |      48 |  60.0
      Elf:1 |   18637 |    6676 |  26.4 |      30 |      10 |  25.0
      Elf:2 |   17814 |       0 |   0.0 |      26 |       0 |   0.0
      Elf:3 |    6152 |   28352 |  82.2 |      14 |      24 |  63.2
   Vaults:1 |   11935 |   28932 |  70.8 |      21 |      41 |  66.1
   Vaults:2 |   16522 |   33201 |  66.8 |      36 |      54 |  60.0
   Vaults:3 |   25668 |   18449 |  41.8 |      39 |      16 |  29.1
   Vaults:4 |   38062 |   42932 |  53.0 |      55 |      42 |  43.3
   Vaults:5 |   21533 |  121384 |  84.9 |      30 |      92 |  75.4
    Crypt:1 |   18956 |     355 |   1.8 |      37 |       1 |   2.6
    Crypt:2 |   30683 |       0 |   0.0 |      34 |       0 |   0.0
    Crypt:3 |       0 |   79894 | 100.0 |       0 |     126 | 100.0
     Tomb:1 |   17748 |  106962 |  85.8 |      42 |      44 |  51.2
     Tomb:2 |    4200 |   12614 |  75.0 |       8 |      10 |  55.6
     Tomb:3 |   12595 |  127687 |  91.0 |      30 |      88 |  74.6
   Depths:1 |   39927 |   12361 |  23.6 |      59 |      18 |  23.4
   Depths:2 |       0 |   56643 | 100.0 |       0 |     107 | 100.0
   Depths:3 |   31540 |   33761 |  51.7 |      38 |      24 |  38.7
   Depths:4 |   34860 |   15392 |  30.6 |      36 |      13 |  26.5
   Depths:5 |   28470 |   53750 |  65.4 |      32 |      43 |  57.3
       Hell |   27133 |   26580 |  49.5 |      39 |      40 |  50.6
      Dis:1 |   34284 |   16828 |  32.9 |      75 |      28 |  27.2
      Dis:2 |    2645 |       0 |   0.0 |       4 |       0 |   0.0
      Dis:3 |   12666 |       0 |   0.0 |      29 |       0 |   0.0
      Dis:4 |   22547 |   17556 |  43.8 |      43 |      18 |  29.5
      Dis:5 |    3397 |       0 |   0.0 |       7 |       0 |   0.0
      Dis:6 |   12207 |       0 |   0.0 |      14 |       0 |   0.0
      Dis:7 |   28766 |  130930 |  82.0 |      26 |     111 |  81.0
      Geh:1 |   14993 |       0 |   0.0 |      41 |       0 |   0.0
      Geh:3 |   30995 |       0 |   0.0 |      62 |       0 |   0.0
      Geh:6 |    5775 |       0 |   0.0 |      20 |       0 |   0.0
      Geh:7 |   35087 |   83552 |  70.4 |      46 |      43 |  48.3
      Coc:1 |    5666 |       0 |   0.0 |      14 |       0 |   0.0
      Coc:2 |     298 |       0 |   0.0 |       1 |       0 |   0.0
      Coc:4 |   10986 |       0 |   0.0 |      11 |       0 |   0.0
      Coc:5 |      10 |       0 |   0.0 |       1 |       0 |   0.0
      Coc:6 |   29052 |       0 |   0.0 |      38 |       0 |   0.0
      Coc:7 |   45944 |   62985 |  57.8 |      55 |      49 |  47.1
      Tar:1 |   20602 |       0 |   0.0 |      25 |       0 |   0.0
      Tar:2 |   34472 |       0 |   0.0 |      38 |       0 |   0.0
      Tar:3 |   65294 |       0 |   0.0 |      48 |       0 |   0.0
      Tar:4 |     125 |       0 |   0.0 |       1 |       0 |   0.0
      Tar:5 |   15086 |       0 |   0.0 |      15 |       0 |   0.0
      Tar:6 |   25612 |       0 |   0.0 |      24 |       0 |   0.0
      Tar:7 |   47831 |   68373 |  58.8 |      60 |      23 |  27.7
      Zot:1 |   65616 |   47249 |  41.9 |      43 |      16 |  27.1
      Zot:2 |   58590 |       0 |   0.0 |      36 |       0 |   0.0
      Zot:3 |   38055 |       0 |   0.0 |      23 |       0 |   0.0
      Zot:4 |   59457 |    5661 |   8.7 |      36 |       4 |  10.0
      Zot:5 |   53419 |  165400 |  75.6 |      32 |      39 |  54.9
    Abyss:1 |    3251 |       0 |   0.0 |       2 |       0 |   0.0
    Abyss:2 |   31187 |       0 |   0.0 |      59 |       0 |   0.0
    Abyss:4 |     453 |    4963 |  91.6 |       1 |      10 |  90.9
    Abyss:5 |   34548 |       0 |   0.0 |      73 |       0 |   0.0
        Pan |  237187 |  218812 |  48.0 |     291 |     147 |  33.6
      Zig:1 |     394 |       0 |   0.0 |       5 |       0 |   0.0
      Zig:2 |    2780 |    2084 |  42.8 |       3 |       4 |  57.1
      Zig:3 |    2378 |       0 |   0.0 |       4 |       0 |   0.0
      Zig:4 |    4958 |    2079 |  29.5 |       3 |       4 |  57.1
      Zig:5 |   10504 |       0 |   0.0 |       4 |       0 |   0.0
      Zig:6 |    5456 |    2543 |  31.8 |       9 |       4 |  30.8
      Zig:7 |    7538 |       0 |   0.0 |      11 |       0 |   0.0
      Zig:8 |   15812 |       0 |   0.0 |      10 |       0 |   0.0
      Zig:9 |   11932 |       0 |   0.0 |      16 |       0 |   0.0
     Zig:10 |   11676 |       0 |   0.0 |      19 |       0 |   0.0
     Zig:11 |   34576 |       0 |   0.0 |      13 |       0 |   0.0
     Zig:12 |   22411 |    2420 |   9.7 |      19 |       4 |  17.4
     Zig:13 |   20286 |       0 |   0.0 |      60 |       0 |   0.0
      Trove |       0 |    1795 | 100.0 |       0 |       3 | 100.0
    Ossuary |       0 |     253 | 100.0 |       0 |      39 | 100.0
      IceCv |       0 |    4492 | 100.0 |       0 |      20 | 100.0
    Volcano |       0 |    5805 | 100.0 |       0 |      19 | 100.0
   Gauntlet |       0 |    2933 | 100.0 |       0 |      10 | 100.0
            +---------+---------+-------+---------+---------+-------
